 Dungeon Crawl Stone Soup version 0.32-a0-587-gb28a26c (webtiles) character file.

Game seed: 10388225829396994890

13077112 Mumonspawn the Royal Mummy (level 27, 226/226 HPs)
             Began as a Mummy Alchemist on Mar 2, 2024.
             Was an Initiate of Gozag.
             Escaped with the Orb
             ... and 15 runes!
             The game lasted 03:40:56 (122714 turns).

Mumonspawn the Royal Mummy (Mummy Alchemist)      Turns: 122714, Time: 03:40:56

Health: 226/226    AC: 21    Str: 23    XL:     27
Magic:  43/43      EV: 36    Int: 15    God:    Gozag
Gold:   7766       SH: 31    Dex: 40    Spells: 2/58 levels left

rFire   + + .        u - +9 hand cannon (heavy)
rCold   + + +        H - +1 tower shield of Intercession {Dex+4 Slay+3}
rNeg    + + +        s - +1 ring mail of Objectivity {Rampage Regen+ Slay+4 SInv}
rPois   ∞            h - +2 helmet of Chimes {^Contam rC+ Str+3 SInv}
rElec   +            k - +0 cloak of the Moon Troll {rElec rPois Regen+ Str+3}
rCorr   .            n - +3 pair of gauntlets of War {Slay+5}
SInv    +            r - +3 pair of boots of Undesirable Species {rF+ rN+ Str-4}
Will    ++++.        U - amulet of the Real Monster {rF+ rC+ Will+ Regen+}
Stlth   ++           l - ring "Rulin" {Int+3 Dex+6}
HPRegen 2.97/turn    J - ring "Farua" {rElec rF+ Str+6 Int-3 Dex+8}
MPRegen 0.28/turn

%: rampage, faith
@: gold aura, studying 3 skills
A: cold resistance 1, negative energy resistance 3, torment resistance 2, heat
vulnerability 1, in touch with death 2, no potions, faith
0: Orb of Zot
}: 15/15 runes: decaying, slimy, silver, golden, iron, obsidian, icy, bone,
abyssal, demonic, glowing, magical, fiery, dark, gossamer
a: Renounce Religion, Potion Petition, Call Merchant, Bribe Branch


You escaped.
You worshipped Gozag.
Gozag was greatly pleased with you.
You visited 18 branches of the dungeon, and saw 88 of its levels.
You visited Pandemonium 3 times, and saw 26 of its levels.
You visited the Abyss 2 times.
You visited 1 bazaar.
You also visited: Trove, Bailey and Ice Cave.

You collected 61288 gold pieces.
You spent 18259 gold pieces at shops.
You paid 35263 gold pieces to Gozag.

Inventory:

Hand Weapons
 i - the +7 hand cannon "Mule" {flame, backblast, rF+}
   (You bought it in a shop on level 3 of the Elven Halls)

   rF+:       It protects you from fire.
 u - a +9 heavy hand cannon (weapon)
 v - the +8 Vampire's Tooth {megavamp}
   (You found it on level 3 of the Crypt)
 K - the +6 sword of Cerebov {flame}
   (You took it off Cerebov in Pandemonium)
Missiles
 c - 6 curare-tipped darts {!f}
 w - a dart of dispersal
 z - 5 throwing nets {!f}
Armour
 h - the +2 helmet of Chimes (worn) {^Contam rC+ Str+3 SInv}
   (You bought it in a shop in a bazaar)

   Str+3:     It affects your strength (+3).
   rC+:       It protects you from cold.
   SInv:      It lets you see invisible.
   ^Contam:   It causes magical contamination when unequipped.
 k - the +0 cloak of the Moon Troll (worn) {rElec rPois Regen+ Str+3}
   (You found it in Pandemonium)

   Str+3:     It affects your strength (+3).
   rElec:     It insulates you from electricity.
   rPois:     It protects you from poison.
   Regen+:    It increases your rate of health regeneration.
 n - the +3 pair of gauntlets of War (worn) {Slay+5}
   (You found it on level 7 of the Iron City of Dis)

   Slay+5:    It affects your accuracy & damage with ranged weapons and melee
   (+5).
 r - the +3 pair of boots of Undesirable Species (worn) {rF+ rN+ Str-4}
   (You found it on level 15 of the Dungeon)

   Str-4:     It affects your strength (-4).
   rF+:       It protects you from fire.
   rN+:       It protects you from negative energy.
 s - the +1 ring mail of Objectivity (worn) {Rampage Regen+ Slay+4 SInv}
   (You bought it in a shop on level 4 of the Depths)

   Slay+4:    It affects your accuracy & damage with ranged weapons and melee
   (+4).
   SInv:      It lets you see invisible.
   Regen+:    It increases your rate of health regeneration.
   Rampage:   It bestows one free step when moving towards enemies.
 H - the +1 tower shield of Intercession (worn) {Dex+4 Slay+3}
   (You found it in a treasure trove)

   Dex+4:     It affects your dexterity (+4).
   Slay+3:    It affects your accuracy & damage with ranged weapons and melee
   (+3).
 M - a +8 tower shield of fire resistance
 N - the +5 tower shield of Ettammed {Fly Dex+4}
   (You took it off a daeva in Pandemonium)

   Dex+4:     It affects your dexterity (+4).
   Fly:       It grants you flight.
 O - the +0 cloak "Pudyfang" {rCorr Slay+4}
   (You bought it in a shop on level 11 of the Dungeon)

   Slay+4:    It affects your accuracy & damage with ranged weapons and melee
   (+4).
   rCorr:     It protects you from acid and corrosion.
Jewellery
 l - the ring "Rulin" (left hand) {Int+3 Dex+6}
   (You found it on level 3 of the Tomb of the Ancients)

   [ring of dexterity]

   Int+3:     It affects your intelligence (+3).
   Dex+6:     It affects your dexterity (+6).
 q - a ring of the Octopus King {Fly HP+2 AC+2 EV+2 SH+2}
   (You bought it in a shop on level 4 of the Depths)

   [ring of flight]

   AC+2:      It affects your AC (+2).
   EV+2:      It affects your evasion (+2).
   HP+2:      It affects your health (+2).
   Fly:       It grants you flight.
   SH+2:      It affects your SH (+2).
 J - the ring "Farua" (right hand) {rElec rF+ Str+6 Int-3 Dex+8}
   (You bought it in a shop on level 4 of the Depths)

   [ring of strength]

   Str+6:     It affects your strength (+6).
   Int-3:     It affects your intelligence (-3).
   Dex+8:     It affects your dexterity (+8).
   rF+:       It protects you from fire.
   rElec:     It insulates you from electricity.
 Q - the ring "Keaq" {rPois Will+ MP+9 Slay+3}
   (You found it on level 5 of the Pits of Slime)

   [ring of magical power]

   Slay+3:    It affects your accuracy & damage with ranged weapons and melee
   (+3).
   rPois:     It protects you from poison.
   Will+:     It increases your willpower.
   MP+9:      It affects your magic capacity (+9).
 U - the amulet of the Real Monster (around neck) {rF+ rC+ Will+ Regen+}
   (You found it on level 2 of the Depths)

   [amulet of regeneration]

   rF+:       It protects you from fire.
   rC+:       It protects you from cold.
   Will+:     It increases your willpower.
   Regen+:    It increases your rate of health regeneration.
 Y - the ring "Evveyses" {*Corrode rElec Int+2 Dex+4 SInv}
   (You found it on level 5 of the Pits of Slime)

   [ring of see invisible]

   Int+2:     It affects your intelligence (+2).
   Dex+4:     It affects your dexterity (+4).
   rElec:     It insulates you from electricity.
   SInv:      It lets you see invisible.
   *Corrode:  It may corrode you when you take damage.
Wands
 d - a wand of mindburst (83)
 e - a wand of paralysis (63)
 f - a wand of flame (157)
 t - a wand of polymorph (34)
 D - a wand of digging (19)
 E - a wand of roots (125)
 G - a wand of light (40)
Scrolls
 a - 3 scrolls of enchant armour
 b - a scroll of silence {!r}
 g - 2 scrolls of butterflies
 j - 7 scrolls of brand weapon
 m - 4 scrolls of amnesia
 o - 15 scrolls of revelation {!r}
 p - 11 scrolls of vulnerability
 y - 14 scrolls of fog {!r}
 A - 6 scrolls of enchant weapon
 B - 5 scrolls of torment
 I - 7 scrolls of poison
 P - 10 scrolls of noise
 R - 18 scrolls of fear {!r}
 T - 27 scrolls of teleportation {!r}
 W - 12 scrolls of blinking
Miscellaneous
 x - a phantom mirror
 C - a phial of floods
 F - a tin of tremorstones (2/2)
 L - a figurine of a ziggurat {!V}
 V - a lightning rod (4/4)
 X - the horn of Geryon
 Z - a box of beasts


   Skills:
 + Level 20.4 Fighting
 + Level 21.5 Ranged Weapons
 - Level 9.0 Armour
 - Level 18.0 Dodging
 - Level 6.0 Stealth
 - Level 22.0 Shields
 - Level 16.0 Spellcasting
 - Level 4.0 Conjurations
 - Level 20.0 Hexes
 - Level 10.0 Necromancy
 - Level 13.0 Translocations
 - Level 3.0 Fire Magic
 - Level 6.0 Air Magic
 - Level 9.0 Earth Magic
 - Level 15.0 Alchemy
 O Level 27 Invocations
 - Level 18.0 Evocations


You had 2 spell levels left.
You knew the following spells:

 Your Spells              Type           Power      Damage    Failure   Level
a - Passage of Golubria   Tloc           50%        N/A       1%          4
b - Yara's Violent Unrav  Hex/Alch       29%        3d12      1%          5
c - Enfeeble              Hex            32%        N/A       2%          7
d - Passwall              Erth           39%        N/A       1%          3
f - Irradiate             Conj/Alch      20%        3d18      6%          5
n - Apportation           Tloc           100%       N/A       1%          1
s - Blink                 Tloc           100%       N/A       1%          2
x - Sticky Flame          Fire/Alch      39%        2d8       2%          4
y - Silence               Hex/Air        25%        N/A       1%          5
z - Borgnjor's Vile Clut  Necr/Erth      37%        N/A       6%          5
I - Leda's Liquefaction   Alch/Erth      24%        N/A       1%          4
O - Ignite Poison         Fire/Alch      39%        N/A       2%          4
P - Cause Fear            Hex            32%        N/A       1%          4
U - Fugue of the Fallen   Necr           76%        N/A       1%          3

Your spell library contained the following spells:

 Spells                   Type           Power      Damage    Failure   Level
 Slow                     Hex            100%       N/A       0%          1
 Jinxbite                 Hex            100%       N/A       0%          2
 Necrotise                Necr           100%       1d9       1%          1
 Sting                    Conj/Alch      100%       1d9       1%          1
 Cigotuvi's Dreadful Rot  Necr/Alch/Air  100%       N/A       1%          2
 Ensorcelled Hibernation  Hex/Ice        84%        N/A       1%          2
 Lesser Beckoning         Tloc           100%       N/A       1%          2
 Mercury Vapours          Alch/Air       86%        N/A       1%          2
 Momentum Strike          Conj/Tloc      74%        3d10      1%          2
 Magic Dart               Conj           96%        1d7       2%          1
 Static Discharge         Conj/Air       54%        3-6/arc   2%          2
 Searing Ray              Conj           48%        2d6       3%          2
 Scorch                   Fire           42%        2d6       4%          2
 Freeze                   Ice            48%        1d6       11%         1
 Summon Small Mammal      Summ           48%        N/A       11%         1
 Call Imp                 Summ           24%        N/A       17%         2
 Confusing Touch          Hex            64%        N/A       0%          3
 Sigil of Binding         Hex            64%        N/A       0%          3
 Tukima's Dance           Hex            64%        N/A       0%          3
 Dazzling Flash           Conj/Hex       96%        N/A       1%          3
 Gell's Gravitas          Tloc           50%        N/A       1%          3
 Inner Flame              Hex/Fire       46%        N/A       1%          3
 Mephitic Cloud           Conj/Alch/Air  36%        N/A       1%          3
 Teleport Other           Tloc           50%        N/A       1%          3
 Vampiric Draining        Necr           76%        2d11      1%          3
 Volatile Blastmotes      Fire/Tloc      72%        2d16      1%          3
 Anguish                  Hex/Necr       45%        N/A       1%          4
 Dimensional Bullseye     Hex/Tloc       28%        N/A       1%          4
 Dispel Undead            Necr           76%        3d25      1%          4
 Manifold Assault         Tloc           50%        N/A       1%          4
 Olgreb's Toxic Radiance  Alch           54%        N/A       1%          4
 Petrify                  Alch/Erth      48%        N/A       1%          4
 Alistair's Intoxication  Alch           36%        N/A       1%          5
 Swiftness                Air            30%        N/A       2%          3
 Fulminant Prism          Conj/Alch      20%        3d12      2%          4
 Vhi's Electric Charge    Tloc/Air       80%        N/A       2%          4
 Iskenderun's Mystic Bla  Conj/Tloc      37%        2d9       3%          4
 Eringya's Noxious Bog    Alch           27%        4d6       3%          6
 Curse of Agony           Necr           76%        N/A       4%          5
 Metabolic Englaciation   Hex/Ice        21%        N/A       4%          5
 Summon Mana Viper        Hex/Summ       42%        N/A       4%          5
 Brom's Barrelling Bould  Conj/Erth      31%        2d5       8%          4
 Hailstorm                Conj/Ice       18%        3d7       14%         3
 Martyr's Knell           Necr/Summ      57%        N/A       14%         4
 Discord                  Hex            32%        N/A       21%         8
 Summon Forest            Summ/Tloc      15%        N/A       22%         5
 Flame Wave               Conj/Fire      22%        2d8       26%         4
 Death Channel            Necr           38%        N/A       28%         6
 Call Canine Familiar     Summ           12%        N/A       32%         3
 Frozen Ramparts          Ice            24%        1d4       32%         3
 Ozocubu's Armour         Ice            12%        N/A       32%         3
 Summon Ice Beast         Ice/Summ       12%        N/A       32%         3
 Summon Lightning Spire   Summ/Air       21%        N/A       32%         4
 Summon Blazeheart Golem  Fire/Summ      16%        N/A       52%         4
 Iskenderun's Battlesphe  Conj           24%        2d8       52%         5
 Fireball                 Conj/Fire      11%        3d7       58%         5
 Sculpt Simulacrum        Ice/Alch       17%        N/A       61%         6
 Freezing Cloud           Conj/Ice/Air   10%        6-21      63%         5
 Bombard                  Conj/Erth      15%        9d3       75%         6
 Conjure Ball Lightning   Conj/Air       13%        3x3d6     91%         6
 Disjunction              Tloc           25%        N/A       98%         8
 Starburst                Conj/Fire      11%        6d5       99%         6
 Summon Cactus Giant      Summ           6%         N/A       100%        6
 Haunt                    Necr/Summ      28%        N/A       100%        7
 Malign Gateway           Summ/Tloc      15%        N/A       100%        7
 Orb of Destruction       Conj           12%        9d7       100%        7
 Ozocubu's Refrigeration  Ice            6%         4d8       100%        7
 Spellforged Servitor     Conj/Summ      9%         N/A       100%        7
 Summon Hydra             Summ           6%         N/A       100%        7
 Ignition                 Fire           10%        3d5       100%        8
 Infestation              Necr           38%        N/A       100%        8
 Lehudib's Crystal Spear  Conj/Erth      15%        10d5      100%        8
 Maxwell's Capacitive Co  Air            15%        ∞         100%        8
 Summon Horrible Things   Summ           6%         N/A       100%        8
 Polar Vortex             Ice            6%         N/A       100%        9
 Sublimation of Blood     Necr           Unusable   N/A       N/A         2
 Animate Dead             Necr           Unusable   N/A       N/A         4
 Borgnjor's Revivificati  Necr           Unusable   N/A       N/A         8
 Death's Door             Necr           Unusable   N/A       N/A         9

Dungeon Overview and Level Annotations

Branches:
Dungeon (15/15)            Temple (1/1) D:4            Lair (5/5) D:11
  Swamp (4/4) Lair:3       Spider (4/4) Lair:2        Slime (5/5) Lair:5
    Orc (2/2) D:10            Elf (3/3) Orc:2        Vaults (5/5) D:14
  Crypt (3/3) Vaults:2       Tomb (3/3) Crypt:3      Depths (4/4) D:15
   Hell (visited)             Dis (7/7) Hell            Geh (7/7) Hell
    Coc (7/7) Hell            Tar (7/7) Hell            Zot (5/5) Depths:4
 Bailey (visited)           IceCv (visited)

Altars:
Ashenzari
Cheibriados
Dithmenos
Fedhas
Gozag
Hepliaklqana
Kikubaaqudgha
Makhleb
Nemelex Xobeh
Okawaru
Qazlal
Ru
Sif Muna
Trog
Uskayaw
Vehumet
Wu Jian
Xom
Yredelemnul
Beogh
Jiyva

Shops:
D:2 =[(   D:11 *?([:*?   D:14 ?*:   Orc:2 (*:[   Elf:1 (   Elf:3 [(=
Vaults:1 :   Vaults:3 !   Vaults:4 (   Vaults:5 ([(   Depths:2 =?
Depths:3 =!!   Depths:4 [==[?=

Portals:
Hell: Depths:1 Depths:2 Depths:3 Depths:4
Abyss: Depths:2 Depths:3 Depths:4
Pandemonium: Depths:2
Ziggurat: Depths:2

Annotations:
Lair:4 1 exclusion
Tar:2 1 runed translucent door
Zot:5 3 runed translucent doors, Ickud's ghost, novice GrFi


Innate Abilities, Weirdness & Mutations

You are immune to poison.
Your flesh is cold resistant. (rC+)
You are immune to negative energy. (rN+++)
You are immune to unholy pain and torment.
You are vulnerable to heat. (rF-)
You are strongly in touch with the powers of death.
You do not drink.
You have a special connection with the divine. (Faith)


Message History

3 sun demons come into view.
The sun demon shouts!
You see here 3 stones.
A balrug comes into view.
It is wielding a +0 demon whip of venom.
The balrug gestures at you.
The bolt of fire hits the sun demon.
The sun demon completely resists.
The bolt of fire hits you.
You resist. @5 6 의 대미지, 남은 HP5 = 220/226 hp.
A sun demon comes into view.
There is a stone staircase leading up here.
You climb upwards.
There is a stone staircase leading down here.
What level of the Dungeon? (default 1, ? - help) You're already here!
There is a stone staircase leading down here.
Aiming: Dig
Press: ? - help, Shift-Dir - straight line, f - you Please select a direction to dig.
This square is covered in magical glow.
The rock shatters into small pieces.
Blink to where?
Press: ? - help, Dir - move target
As you read the scroll of blinking, it crumbles to dust.
Aiming: Dig
Press: ? - help, Shift-Dir - straight line, f - you Please select a direction to dig.
This square is covered in magical glow.
The rock shatters into small pieces.
An Orb Guardian comes into view.
You block the Orb Guardian's attack.
You shoot a bolt. The bolt hits the Orb Guardian!!!!
You kill the Orb Guardian!
No target in view!
No target in view!
No target in view!
No target in view!
No target in view!
There is a staircase leading out of the dungeon here.
You can't go down here!
You have escaped!

##.....##
#######...........##.#
###.####
####...##.######......)
###.#######..#.#.##.#
####..#.
.........##.##.####.#
##.#.
.........##......$#.#
#...
.........##'##......#
####
.........##.......###
###########.##.####
#..#.#@# ####...# #####


There were no monsters in sight!

Vanquished Creatures
  Cerebov (Pan)
  Antaeus (Coc:7)
  Gloorx Vloq (Pan)
  Asmodeus (Geh:7)
  Mnoleg (Pan)
  the Royal Jelly (Slime:5)
  the Serpent of Hell (Coc:7)
  Ereshkigal (Tar:7)
  Lom Lobon (Pan)
  A seraph (Pan)
  Dispater (Dis:7)
  5 dread liches
  4 ancient liches
  Khufu (Tomb:3)
  7 orbs of fire
  A juggernaut (Depths:3)
  Mara (Vaults:5)
  Xtahua (Depths:4)
  15 pandemonium lords (Pan)
  14 royal mummies
  Boris (Tomb:3)
  7 Killer Klowns (Zot:5)
  8 shard shrikes
  2 curse toes
  23 caustic shrikes (Dis:7)
  9 golden dragons
  Geryon (Hell)
  15 profane servitors
  17 bone dragons
  Jory (Depths:2)
  2 pearl dragons (Pan)
  26 Tzitzimimeh
  6 iron giants
  21 Brimstone Fiends
  5 doom hounds
  3 hellephants
  3 electric golems
  16 tainted leviathans
  Rupert (D:14)
  A lich (Tomb:2)
  14 Ice Fiends
  Jorgrun (Orc:1)
  19 tentacled monstrosities
  27 Hell Sentinels
  26 Orb Guardians
  12 titans
  2 deep elf blademasters
  2 deep elf master archers (Elf:3)
  The ghost of Ofretuj the Convoker, an adept DsSu of Ru (Elf:1)
  17 searing wretches
  10 sphinxes
  4 quicksilver dragons
  30 Executioners
  31 ancient champions
  20 acid blobs
  The ghost of Ices the Brawler, an adept TrGl of Hepliaklqana (Depths:2)
  An eldritch tentacle (Pan)
  6 death cobs
  15 shadow dragons
  3 tentacled starspawn (Abyss:3)
  2 thorn hunters
  14 storm dragons
  Donald (Swamp:4)
  9 revenants
  A nagaraja (Pan)
  3 fenstrider witches
  19 narguns
  5 tengu reavers
  15 daevas (Pan)
  Roxanne (Spider:3)
  8 protean progenitors
  2 emperor scorpions
  21 fire giants
  23 azure jellies
  3 draconian shifters
  14 rockslimes
  14 quicksilver elementals
  8 hydra zombies
  10 demonspawn warmongers (Pan)
  7 draconian knights
  5 draconian monks
  15 vault wardens
  10 ghost moths
  12 deep elf sorcerers (Elf:3)
  4 draconian scorchers (Zot:3)
  9 iron dragons
  15 frost giants
  57 balrugs
  A spectral caustic shrike (Tar:5)
  3 spectral juggernauts (Tar:7)
  4 ghouls
  5 deep elf elementalists (Elf:3)
  A caustic shrike zombie (Crypt:1)
  2 orc warlords
  12 demonspawn blood saints (Pan)
  6 juggernaut skeletons (Pan)
  33 angels (Pan)
  34 cacodemons (Pan)
  8 caustic shrike skeletons (Pan)
  31 reapers
  21 demonspawn corrupters (Pan)
  13 shard shrike simulacra
  The ghost of Nuzeruge the Swashbuckler, an adept VSBr of Uskayaw (Elf:2)
  A juggernaut zombie (Depths:3)
  3 draconian stormcallers
  14 ironbound preservers
  5 broodmothers
  3 curse skulls
  8 ironbound thunderhulks
  11 formless jellyfish
  11 quicksilver oozes
  21 elemental wellsprings
  18 stone giants
  16 ophanim (Pan)
  20 very ugly things
  6 draconian annihilators
  30 apis (Pan)
  The ghost of Tucluoh the Eclecticist, a journeyman DECj of Sif Muna (D:15)
  13 black draconians
  The ghost of Pobebboi the Skirmisher, a journeyman FoHu of Gozag (Orc:1)
  6 vampire knights
  9 green draconians
  6 deep elf annihilators
  4 deep elf demonologists (Elf:3)
  8 red draconians
  15 lorocyprocas (Pan)
  5 eleionomae
  4 bunyips
  10 deep elf death magi
  17 demonspawn black suns (Pan)
  24 putrid mouths
  14 wendigos
  11 spark wasps
  23 war gargoyles
  9 white draconians
  14 dire elephants
  15 eidola
  11 purple draconians
  A spectral titan (Tar:5)
  6 bennus (Tomb:3)
  23 yellow draconians
  10 iron golems
  6 fire dragons
  A crystal guardian (Vaults:3)
  9 entropy weavers
  30 green deaths (Pan)
  14 jiangshi
  23 blizzard demons
  19 yaktaur captains
  24 mummy priests
  11 ettins
  7 spectral spriggans
  Josephine (D:15)
  2 spectral krakens (Tar:7)
  2 spectral quicksilver dragons (Tar:5)
  A spectral iron giant (Tar:5)
  4 shambling mangroves (Swamp:4)
  11 salamander tyrants
  17 great orbs of eyes
  20 hydras
  A peacekeeper (Vaults:4)
  8 deep elf high priests
  9 hell beasts (Pan)
  9 rakshasas
  A spectral shadow dragon (Tar:1)
  A catoblepas (Lair:5)
  13 caustic shrike simulacra
  33 vault guards
  A ghost crab (Swamp:4)
  5 stokers
  Fannar (Lair:2)
  23 centaur warriors
  3 spriggan air magi
  3 jorogumos
  2 ogre magi
  9 juggernaut simulacra
  9 ice dragons
  4 radroaches
  A spriggan skeleton (Tomb:2)
  A merfolk aquamancer (Pan)
  7 boulder beetles
  12 alligators
  4 death knights
  8 two-headed ogres
  25 dancing weapons
  12 ironbound frosthearts
  2 satyrs (Zot:3)
  34 death scarabs
  7 deep troll shamans
  13 hell hogs
  8 death yaks
  An orc high priest (Orc:2)
  9 spectral nagas
  7 deep troll earth magi
  4 vampire magi
  6 tengu warriors
  3 shock serpents (Pan)
  24 demonic crawlers
  An occultist (Abyss:3)
  6 wretched stars (Abyss:3)
  6 spriggan berserkers
  3 hell knights
  7 thrashing horrors (Abyss:3)
  123 sun demons
  Nergalle (Orc:2)
  8 crystal echidnas
  18 deep elf knights
  9 iron trolls
  30 sixfirhies (Pan)
  44 soul eaters
  2 salamander mystics
  2 hellephant skeletons (Pan)
  15 shadow wraiths
  4 pharaoh ants
  45 skeletal warriors
  An anaconda zombie (Hell)
  A spark wasp zombie (Crypt:1)
  15 flayed ghosts
  4 skysharks
  An iron giant zombie (Crypt:2)
  19 cherubim (Pan)
  9 spriggan druids
  3 glowing orange brains
  23 shadow demons (Pan)
  47 deep trolls
  7 goliath frogs
  58 large abominations
  5 arcanists
  5 quicksilver dragon simulacra
  10 orb spiders
  2 spectral hydras (Swamp:4)
  12 deep elf archers
  An orange crystal statue (Tomb:1)
  6 spriggan simulacra
  8 steelbarb worms
  2 bunyip skeletons
  11 bog bodies
  A storm dragon skeleton (Tomb:1)
  2 anaconda skeletons
  A swamp dragon (Swamp:2)
  9 lindwurms
  10 sun moths (Pan)
  3 thermic dynamos
  2 necromancers
  Pikel (D:6)
  10 orc knights
  22 ironbound convokers
  40 deep elf pyromancers
  2 obsidian statues
  20 phantasmal warriors
  31 starcursed masses (Abyss:3)
  7 salamanders
  29 deep elf zephyrmancers
  7 oklob plants
  An alligator zombie (Hell)
  An alligator skeleton (Hell)
  4 shining eyes
  19 wolf spiders
  37 moths of wrath
  A faun (shapeshifter) (Vaults:5)
  10 ugly things
  A cyclops (shapeshifter) (Depths:2)
  A manticore (D:15)
  7 cyclopes
  An iron dragon skeleton (Tomb:2)
  5 will-o-the-wisps
  4 orc sorcerers
  A toenail golem (D:15)
  An apocalypse crab (Abyss:3)
  12 elephants
  An elephant (shapeshifter) (Depths:4)
  80 smoke demons
  19 meliai
  A formless jellyfish zombie (Crypt:2)
  A frost giant skeleton (Depths:3)
  7 black mambas
  A manticore (shapeshifter) (Vaults:5)
  3 titan simulacra
  32 orange demons (Pan)
  13 molten gargoyles
  6 rust devils
  A water nymph (shapeshifter) (Vaults:5)
  12 cane toads
  26 vault sentinels
  A torpor snail (shapeshifter) (Depths:3)
  A gargoyle (D:11)
  6 ice statues
  4 torpor snails
  3 eyes of devastation
  6 rime drakes
  A death yak zombie (Crypt:2)
  Jeremiah (D:8)
  2 unseen horrors
  A shock serpent skeleton (Crypt:3)
  16 komodo dragons
  48 hellions
  2 naga skeletons
  26 freezing wraiths
  40 yaktaurs
  15 efreet
  58 guardian mummies
  13 spectral swamp worms (Tar:7)
  32 tormentors
  6 anaconda simulacra
  2 golden dragon simulacra
  3 tengu conjurers
  13 red devils
  An ancient zyme (Abyss:3)
  3 ice devils
  3 silent spectres
  An alligator snapping turtle skeleton (Crypt:3)
  6 spectral harpies
  17 polar bears
  2 sea snake skeletons (Hell)
  4 bloated husks
  A harpy zombie (Tomb:3)
  A queen bee (Abyss:3)
  An unseen horror skeleton (Crypt:3)
  41 hellwings
  8 iron giant simulacra
  6 trolls
  30 hornets
  Prince Ribbit (Bailey)
  33 tarantellas
  7 tyrant leeches
  A shadow dragon simulacrum (Coc:1)
  A glass eye (shapeshifter) (Vaults:5)
  2 blink frogs (shapeshifter)
  A snapping turtle (shapeshifter) (Vaults:5)
  An ettin zombie (Crypt:3)
  27 blink frogs
  6 raiju (Abyss:3)
  5 glass eyes
  4 stone giant simulacra
  2 harpy skeletons
  22 jumping spiders
  A meliai zombie (Crypt:1)
  3 iron dragon simulacra
  4 shadows
  Sigmund (D:6)
  An air elemental (Elf:3)
  A black mamba zombie (Crypt:3)
  8 dire elephant simulacra
  11 water elementals
  20 culicivoras
  4 centaur simulacra
  118 slime creatures
  45 ynoxinuls
  25 spriggans
  12 wyverns
  2 culicivoras (shapeshifter)
  12 small abominations
  Eustachio (D:5)
  8 basilisks
  18 ushabtiu
  21 humans
  2 fire elementals (Elf:1)
  7 wraiths
  50 yaks
  9 fire bats
  4 golden eyes
  41 neqoxecs
  An alligator snapping turtle simulacrum (Coc:1)
  A basilisk (shapeshifter) (D:13)
  2 wargs
  6 steam dragons
  56 redbacks
  41 chaos spawn
  21 vampire mosquitoes
  A sea snake simulacrum (Hell)
  An acid dragon (D:10)
  11 hydra simulacra
  20 swamp worms
  Edmund (D:6)
  17 harpy simulacra
  10 water moccasins
  A glowing shapeshifter skeleton (Crypt:3)
  5 hell hounds (Lair:5)
  25 orc warriors
  A cane toad skeleton (Crypt:3)
  A water nymph skeleton (Crypt:2)
  11 swamp drakes
  A sky beast (D:6)
  36 laughing skulls
  3 swamp dragon zombies (Swamp:4)
  A black bear (D:11)
  3 ice beasts (D:7)
  A two-headed ogre skeleton (Crypt:2)
  3 ettin simulacra
  3 boggarts (D:15)
  A torpor snail zombie (Crypt:1)
  7 centaurs
  7 ogres
  A swamp dragon skeleton (Swamp:4)
  4 lemures
  29 wolves
  A dream sheep skeleton (Crypt:3)
  4 kobold brigands
  4 phantoms
  2 weeping skulls (Abyss:3)
  22 bullfrogs
  3 brain worms (Abyss:3)
  A fire crab zombie (Crypt:2)
  3 gnoll sergeants (D:10)
  3 earth elementals (Elf:2)
  7 scorpions
  3 naga simulacra
  A salamander skeleton (Crypt:1)
  3 wights
  5 killer bees (D:9)
  2 electric eels (Spider:2)
  11 howler monkeys
  5 lava snakes (Lair:5)
  A bombardier beetle (D:6)
  A crimson imp (Abyss:3)
  3 hounds
  17 jellies (Zot:2)
  14 orc priests
  2 gnoll boudas
  2 human zombies (Crypt:1)
  2 iguanas (D:4)
  An iron imp (Abyss:3)
  3 human skeletons
  Crazy Yiuf (D:3)
  A sleepcap (D:5)
  22 orc wizards
  3 hell rats (Hell)
  A polar bear simulacrum (Lair:4)
  4 wolf simulacra (Lair:4)
  A sky beast zombie (Crypt:3)
  2 hound skeletons
  44 mummies
  Robin (D:3)
  16 gnolls
  6 adders
  A swamp drake zombie (Swamp:4)
  4 white imps
  An iguana zombie (Crypt:1)
  A jelly zombie (Crypt:1)
  A ribbon worm (D:4)
  A dart slug (D:4)
  63 orcs
  8 ball pythons
  3 endoplasms
  2 giant cockroaches
  25 goblins
  6 hobgoblins
  9 jackals
  2 quokkas
  6 bats
  2 frilled lizards
  A goblin skeleton (Crypt:2)
  15 kobolds
  A kobold zombie (Crypt:2)
  7 rats
  13 ball lightnings (Pan)
  5 creeping infernos
  13 fire vortices
  A lurking horror (Abyss:3)
  A starspawn tentacle (Abyss:3)
  3 tentacles (Tar:7)
4707 creatures vanquished.

Vanquished Creatures (collateral kills)
  2 caustic shrikes (Dis:7)
  A profane servitor (Tar:7)
  A Brimstone Fiend (Pan)
  A hellephant (Geh:6)
  2 tainted leviathans (Tar:7)
  A searing wretch (Geh:6)
  An ancient champion (Crypt:3)
  A daeva (Pan)
  A demonspawn warmonger (Pan)
  An iron dragon (Dis:7)
  A cacodemon (Pan)
  A spriggan defender (Depths:3)
  2 apis (Pan)
  A juggernaut skeleton (Crypt:3)
  A stoker (Geh:6)
  A demonic crawler (Pan)
  2 hell knights (Hell)
  A crystal echidna (Dis:7)
  A cherub (Pan)
  An anaconda skeleton (Crypt:3)
  A phantasmal warrior (Hell)
  2 smoke demons (Pan)
  An orange demon (Pan)
  2 hellions (Pan)
  A tormentor (Pan)
  A ynoxinul (Pan)
  A fire vortex (Geh:6)
33 creatures vanquished.

Vanquished Creatures (others)
  A pandemonium lord (Pan)
  2 Hell Sentinels (Pan)
  A draconian knight (Zot:3)
  A ghost moth (Zot:3)
  4 shard shrike simulacra
  An ironbound preserver (Vaults:3)
  A demonspawn blood saint (Pan)
  An ophan (Pan)
  A black draconian (Zot:5)
  A wendigo (Coc:3)
  A lorocyproca (Pan)
  A peacekeeper (Vaults:3)
  An ice dragon (Hell)
  A vault guard (Vaults:5)
  A caustic shrike simulacrum (Coc:3)
  A deep elf knight (Elf:1)
  A quicksilver dragon simulacrum (Coc:3)
  A cherub (Pan)
  A smoke demon (Pan)
  An orange demon (Pan)
  A tormentor (Geh:1)
  An anaconda simulacrum (Coc:3)
  A hellwing (Pan)
  A bloated husk (Swamp:2)
  2 iron dragon simulacra
  2 ynoxinuls (Pan)
  2 water elementals
  A small abomination (Abyss:3)
  A spriggan (Swamp:2)
  A neqoxec (Pan)
  2 chaos spawn (Pan)
  2 ettin simulacra
  2 jellies
  A hell rat (Hell)
  21 ball lightnings (Pan)
  2 creeping infernos (Geh:2)
  A fire vortex (Geh:6)
  16 foxfires
  8 starspawn tentacles (Abyss:3)
  5 tentacles (Tar:7)
97 creatures vanquished.

Grand Total: 4837 creatures vanquished

Notes
Turn   | Place    | Note
-------+----------+-------------------------------------------
     0 | D:1      | Mumonspawn the Mummy Alchemist began the quest for the Orb.
     0 | D:1      | Reached XP level 1. HP: 13/13 MP: 4/4
   218 | D:1      | Reached skill level 1 in Conjurations
   230 | D:1      | Reached XP level 2. HP: 15/19 MP: 1/6
   308 | D:1      | Found a faded altar of an unknown god.
   954 | D:2      | Reached XP level 3. HP: 23/24 MP: 3/7
  1149 | D:2      | Found Afammaal's Jewellery Shoppe.
  1538 | D:2      | Found Malitask's Weapon Shop.
  1692 | D:2      | Found Emau's Armour Shop.
  1771 | D:2      | Learned a level 2 spell: Mercury Vapours
  1775 | D:2      | Learned a level 3 spell: Mephitic Cloud
  1782 | D:3      | Noticed Robin
  1900 | D:3      | Found a basalt altar of Yredelemnul.
  2421 | D:3      | Reached XP level 4. HP: 21/30 MP: 4/9
  2590 | D:3      | Killed Robin
  2934 | D:3      | Found a runed translucent door.
  2935 | D:3      | Noticed Crazy Yiuf
  3160 | D:3      | Killed Crazy Yiuf
  3161 | D:3      | Reached skill level 1 in Air Magic
  3304 | D:4      | Found a staircase to the Ecumenical Temple.
  3313 | Temple   | Entered the Ecumenical Temple
  3339 | Temple   | Became a worshipper of Gozag Ym Sagoz the Greedy
  3503 | D:4      | Reached XP level 5. HP: 33/35 MP: 7/11
  3811 | D:4      | Learned a level 4 spell: Olgreb's Toxic Radiance
  4080 | D:4      | Found a sacrificial altar of Ru.
  4317 | D:4      | Found an ornate altar of the Wu Jian Council.
  4351 | D:5      | Entered Level 5 of the Dungeon
  4356 | D:5      | Noticed a phantom
  4370 | D:4      | Reached XP level 6. HP: 37/41 MP: 1/12
  4528 | D:4      | Reached skill level 5 in Spellcasting
  4785 | D:5      | Reached XP level 7. HP: 44/46 MP: 11/15
  4824 | D:5      | Learned a level 4 spell: Sticky Flame
  4890 | D:4      | Reached skill level 5 in Alchemy
  5476 | D:6      | Noticed Eustachio
  5478 | D:6      | Noticed Pikel
  5480 | D:6      | Noticed Edmund
  5868 | D:6      | Reached skill level 1 in Fighting
  5869 | D:6      | Reached skill level 1 in Fire Magic
  5869 | D:6      | Reached XP level 8. HP: 41/54 MP: 1/17
  5870 | D:6      | Killed Edmund
  5992 | D:6      | Killed Pikel
  6089 | D:5      | Killed Eustachio
  6173 | D:6      | Reached XP level 9. HP: 55/61 MP: 9/18
  6427 | D:6      | Noticed Sigmund
  6437 | D:6      | Killed Sigmund
  6684 | D:6      | Identified the +5 ring mail of Qean {rN+ Int-3 Slay+2}
  7085 | D:2      | Bought the +6 orcbow of Xuovess {drain, rC+} for 603 gold
                  | pieces
  7459 | D:7      | Reached skill level 1 in Ranged Weapons
  7620 | D:7      | Found a transporter.
  7705 | D:7      | Found a burning altar of Makhleb.
  7896 | D:7      | Found a stormy altar of Qazlal.
  7958 | D:7      | Found a transporter.
  8103 | D:8      | Noticed Jeremiah
  8103 | D:8      | Noticed a two-headed ogre
  8109 | D:8      | Killed a two-headed ogre
  8119 | D:8      | Reached skill level 5 in Fighting
  8121 | D:8      | Killed Jeremiah
  8122 | D:8      | Reached XP level 10. HP: 66/74 MP: 1/22
  8306 | D:8      | Found a flagged portal.
  8329 | Bailey   | Entered a bailey
  8399 | Bailey   | Reached skill level 1 in Evocations
  8701 | Bailey   | Noticed a vault guard
  8701 | Bailey   | Noticed Prince Ribbit
  8714 | Bailey   | Killed a vault guard
  8715 | Bailey   | Killed Prince Ribbit
  8716 | Bailey   | Reached skill level 5 in Ranged Weapons
  8724 | Bailey   | Noticed a vault guard
  8779 | Bailey   | Killed a vault guard
  9962 | D:9      | Reached XP level 11. HP: 84/84 MP: 19/23
 10020 | D:9      | Found a hide-covered altar of Uskayaw.
 10106 | D:9      | Noticed a skeletal warrior
 10106 | D:9      | Noticed a skeletal warrior
 10106 | D:9      | Noticed a skeletal warrior
 10106 | D:9      | Noticed a skeletal warrior
 10375 | D:9      | Found a blossoming altar of Fedhas.
 10555 | D:10     | Entered Level 10 of the Dungeon
 10671 | D:10     | Noticed an obsidian statue
 10885 | D:10     | Found a staircase to the Orcish Mines.
 11138 | D:10     | Noticed a deep elf pyromancer
 11143 | D:10     | Got the Almanac of Dhcmrlchtdj
 11146 | D:10     | Noticed a deep elf pyromancer
 11148 | D:10     | Noticed a deep elf pyromancer
 11157 | D:10     | Killed a deep elf pyromancer
 11160 | D:10     | Killed a deep elf pyromancer
 11276 | D:10     | Got Ts'ui Pên's Handbook of Forking Paths
 11283 | D:10     | Got the Octavo of Axaxaxas mlö
 11332 | D:10     | Noticed an arcanist
 11337 | D:10     | Killed an arcanist
 11360 | D:10     | Found a broken altar of Ashenzari.
 11841 | Orc:1    | Entered Level 1 of the Orcish Mines
 11946 | Orc:1    | Found a roughly hewn altar of Beogh.
 11997 | Orc:1    | Noticed Jorgrun
 12021 | Orc:1    | Killed Jorgrun
 12028 | Orc:1    | Reached XP level 12. HP: 66/92 MP: 5/24
 12208 | Orc:1    | Found a runed translucent door.
 12231 | Orc:1    | Noticed Pobebboi's ghost (journeyman FoHu)
 12375 | Orc:2    | Entered Level 2 of the Orcish Mines
 12967 | Orc:2    | Noticed an orc warlord
 13179 | Orc:2    | Found a staircase to the Elven Halls.
 13200 | Orc:2    | Reached skill level 10 in Alchemy
 13255 | Orc:2    | Noticed a two-headed ogre
 13263 | Orc:2    | Killed a two-headed ogre
 13342 | Orc:2    | Reached skill level 1 in Armour
 13393 | Orc:2    | Noticed a two-headed ogre
 13415 | Orc:2    | Killed a two-headed ogre
 13428 | Orc:2    | Killed an orc warlord
 13631 | Orc:2    | Noticed a two-headed ogre
 13634 | Orc:2    | Noticed an ogre mage
 13648 | Orc:2    | Killed a two-headed ogre
 13759 | Orc:2    | Paralysed by an orc sorcerer for 5 turns
 13765 | Orc:2    | Noticed a two-headed ogre
 13767 | Orc:2    | Noticed a two-headed ogre
 13775 | Orc:2    | Killed a two-headed ogre
 13776 | Orc:2    | Killed a two-headed ogre
 13776 | Orc:2    | Noticed an orc high priest
 13800 | Orc:2    | Killed an orc high priest
 13928 | Orc:2    | Killed an ogre mage
 13931 | Orc:2    | Noticed Nergalle
 13956 | Orc:2    | Killed Nergalle
 14103 | Orc:2    | Found a roughly hewn altar of Beogh.
 14222 | Orc:2    | Found Warhynt's Antique Armour Emporium.
 14257 | Orc:2    | Found Vipysm's General Store.
 14267 | Orc:2    | Bought a scroll of fear for 64 gold pieces
 14267 | Orc:2    | Bought a scroll of teleportation for 48 gold pieces
 14267 | Orc:2    | Bought a scroll of enchant armour for 120 gold pieces
 14267 | Orc:2    | Bought a scroll of vulnerability for 64 gold pieces
 14335 | Orc:2    | Found Taorrobb's Book Emporium.
 14460 | Orc:2    | Found Buug Fes's Antique Weapon Emporium.
 14652 | D:11     | Found Caedy's Magic Scroll Shoppe.
 14659 | D:11     | Bought a scroll of blinking for 120 gold pieces
 14659 | D:11     | Bought a scroll of fog for 64 gold pieces
 14659 | D:11     | Bought a scroll of identify for 32 gold pieces
 14694 | D:11     | Found Cer Poha's Book Boutique.
 14948 | D:11     | Gained mutation: You are strongly in touch with the powers
                  | of death. [Mummy growth]
 14948 | D:11     | Reached XP level 13. HP: 102/102 MP: 12/25
 15041 | D:11     | Found a staircase to the Lair.
 15213 | D:11     | Found Tyse's Assorted Antiques.
 15222 | D:11     | Bought a glowing cloak for 247 gold pieces
 15651 | D:11     | Found Ikus's General Store.
 15659 | D:11     | Bought a wand of flame (7) for 88 gold pieces
 15722 | D:11     | Reached skill level 10 in Fighting
 15814 | D:11     | Found Aropras's Magic Scroll Shop.
 16121 | D:12     | Reached skill level 5 in Armour
 16223 | D:12     | Found a portal to a secret trove of treasure.
 16989 | D:12     | Learned a level 3 spell: Inner Flame
 17173 | D:13     | Found a flickering gateway to a bazaar.
 17264 | Bazaar   | Entered a bazaar
 17264 | Bazaar   | Found Pyzed's Distillery.
 17264 | Bazaar   | Found Foho's Jewellery Emporium.
 17282 | Bazaar   | Found Naymasoh's Armour Shoppe.
 17282 | Bazaar   | Found Usiym's Magic Scroll Shoppe.
 17303 | Bazaar   | Bought the +2 helmet of Chimes {^Contam rC+ Str+3 SInv} for
                  | 534 gold pieces
 17318 | Bazaar   | Bought a scroll of immolation for 72 gold pieces
 17318 | Bazaar   | Bought a scroll of brand weapon for 171 gold pieces
 17318 | Bazaar   | Bought a scroll of brand weapon for 171 gold pieces
 17318 | Bazaar   | Bought a scroll of fog for 72 gold pieces
 17318 | Bazaar   | Bought a scroll of blinking for 135 gold pieces
 17318 | Bazaar   | Bought a scroll of blinking for 135 gold pieces
 17318 | Bazaar   | Bought a scroll of revelation for 135 gold pieces
 17830 | D:14     | Reached skill level 10 in Ranged Weapons
 17975 | D:14     | Noticed a sphinx
 17975 | D:14     | Noticed Rupert
 17975 | D:14     | Found a gate to the Vaults.
 18118 | D:14     | Found Ochuaph's Assorted Antiques.
 18138 | D:14     | Bought a scroll of teleportation for 75 gold pieces
 18138 | D:14     | Bought a shiny gold wand for 100 gold pieces
 18138 | D:14     | Bought a brightly glowing leather armour for 175 gold
                  | pieces
 18138 | D:14     | Identified the +3 leather armour "Esiomn" {rCorr Int+3
                  | Stlth-} (You bought it in a shop on level 14 of the
                  | Dungeon)
 18429 | D:14     | Paralysed by Rupert for 2 turns
 18442 | D:14     | Paralysed by Rupert for 5 turns
 18445 | D:14     | Killed Rupert
 18751 | D:14     | Found Leqampen's Magic Scroll Boutique.
 18754 | D:14     | Bought a scroll of poison for 64 gold pieces
 19079 | D:14     | Killed a sphinx
 19583 | D:14     | Identified the +4 dire flail of Ulutt {heavy, rC+}
 19809 | D:14     | Reached skill level 1 in Necromancy
 19877 | D:14     | Reached XP level 14. HP: 98/114 MP: 22/26
 20091 | D:14     | Found Vorghaip's Book Shoppe.
 20100 | D:14     | Bought a Trismegistus Codex for 448 gold pieces
 20165 | D:15     | Entered Level 15 of the Dungeon
 20305 | D:15     | Noticed Josephine
 20381 | D:15     | Killed Josephine
 20574 | D:15     | Reached skill level 1 in Earth Magic
 20788 | D:15     | Found a staircase to the Depths.
 20870 | D:15     | Found a runed translucent gate.
 20882 | D:15     | Reached skill level 5 in Necromancy
 20920 | D:15     | Found a runed translucent gate.
 20962 | D:15     | Found a runed translucent gate.
 20968 | D:15     | Noticed Tucluoh's ghost (journeyman DECj)
 22313 | D:7      | Identified the +0 pair of boots of Immorality {Str+3
                  | Stlth+}
 22958 | D:9      | Found a sparkling altar of Nemelex Xobeh.
 22974 | D:9      | Got the Volume of Egalitarianism
 23392 | Lair:1   | Entered Level 1 of the Lair of Beasts
 23425 | Lair:1   | Learned a level 4 spell: Ignite Poison
 23431 | Lair:1   | Learned a level 5 spell: Irradiate
 23433 | Lair:1   | Learned a level 1 spell: Apportation
 23764 | Lair:1   | Identified a scroll of acquirement
 25026 | Lair:2   | Reached XP level 15. HP: 120/120 MP: 18/27
 25186 | Lair:2   | Found a hole to the Spider Nest.
 25194 | Lair:2   | Noticed Fannar
 25211 | Lair:2   | Killed Fannar
 25919 | Lair:3   | Reached skill level 5 in Earth Magic
 26450 | Lair:3   | Learned a level 5 spell: Borgnjor's Vile Clutch
 26706 | Lair:3   | Found a staircase to the Swamp.
 26938 | Lair:4   | Reached skill level 10 in Spellcasting
 27068 | Lair:4   | Found a frozen archway.
 27100 | IceCv    | Entered an ice cave
 28142 | Lair:4   | Identified the +2 dagger of Demonkind {elec, SInv}
 28887 | Lair:5   | Entered Level 5 of the Lair of Beasts
 29103 | Lair:5   | Reached skill level 10 in Necromancy
 29507 | Lair:5   | Reached skill level 5 in Evocations
 29507 | Lair:5   | Reached XP level 16. HP: 127/127 MP: 14/30
 29514 | Lair:5   | Reached skill level 5 in Dodging
 29763 | Lair:5   | Found a viscous altar of Jiyva.
 29763 | Lair:5   | Found a staircase to the Slime Pits.
 30196 | Lair:5   | Found a large runed translucent door.
 30196 | Lair:5   | Found a large runed translucent door.
 30921 | Lair:5   | Identified the +8 plate armour of Pragmatism {+Inv}
 31276 | Orc:1    | Killed Pobebboi's ghost
 31876 | D:15     | Killed Tucluoh's ghost
 31914 | D:15     | Identified the +3 pair of boots of Undesirable Species {rF+
                  | rN+ Str-4}
 31953 | D:15     | Acquired 682 gold pieces
 31955 | D:15     | Acquired a +0 hand cannon of flaming
 32120 | Orc:2    | Bought a shimmering buckler for 323 gold pieces
 32120 | Orc:2    | Identified the +4 buckler "Jualojoa" {rN+ Int+2} (You
                  | bought it in a shop on level 2 of the Orcish Mines)
 32375 | D:11     | Bought a runed longbow for 180 gold pieces
 32383 | D:11     | Bought the +0 cloak "Pudyfang" {rCorr Slay+4} for 610 gold
                  | pieces
 32407 | D:11     | Bought the +2 robe of the Orb Guardian {Rampage *Corrode
                  | rElec rF+++} for 973 gold pieces
 32645 | Swamp:1  | Entered Level 1 of the Swamp
 33257 | Swamp:1  | Identified the +7 long sword of Singing Bloody Death
                  | {flame, rElec rPois rN++ Str-2}
 33951 | Swamp:2  | Noticed a thorn hunter
 34255 | Swamp:2  | Killed a thorn hunter
 34777 | Swamp:2  | Reached skill level 1 in Hexes
 35131 | D:11     | Bought a book of Hexes for 504 gold pieces
 35136 | D:11     | Learned a level 4 spell: Cause Fear
 36195 | Swamp:3  | Paralysed by a fenstrider witch for 5 turns
 36201 | Swamp:3  | Reached XP level 17. HP: 127/137 MP: 18/31
 36437 | Swamp:4  | Entered Level 4 of the Swamp
 37352 | Swamp:3  | Identified the +0 buckler of Posiz {rElec rPois Regen+
                  | Str+3}
 37977 | Swamp:4  | Identified the +0 kite shield "Socechoo" {rElec}
 37977 | Swamp:4  | Noticed Donald
 37987 | Swamp:4  | Killed Donald
 38713 | Swamp:4  | Reached skill level 5 in Hexes
 38874 | Swamp:4  | Found a blossoming altar of Fedhas.
 38961 | Swamp:4  | Found a basalt altar of Yredelemnul.
 38974 | Swamp:4  | Got a decaying rune of Zot
 39278 | Spider:1 | Entered Level 1 of the Spider Nest
 41748 | Spider:2 | Reached XP level 18. HP: 147/147 MP: 27/32
 43130 | Spider:3 | Noticed Roxanne
 43177 | Spider:3 | Killed Roxanne
 43302 | Spider:3 | Reached skill level 15 in Fighting
 44751 | Spider:3 | Acquired the +0 cloak of Infinity {Fly rElec}
 44791 | Spider:4 | Entered Level 4 of the Spider Nest
 47307 | Spider:4 | Got a gossamer rune of Zot
 47611 | Elf:1    | Entered Level 1 of the Elven Halls
 47993 | Elf:1    | Learned a level 3 spell: Passwall
 48036 | Elf:1    | Reached skill level 15 in Ranged Weapons
 48320 | Elf:1    | Got the Spellbook of Conjury
 48333 | Elf:1    | Found a large runed translucent door.
 48334 | Elf:1    | Found a large runed translucent door.
 48337 | Elf:1    | Noticed Ofretuj's ghost (adept DsSu)
 48394 | Elf:1    | Reached XP level 19. HP: 141/157 MP: 19/33
 48480 | Elf:1    | Found an ancient bone altar of Kikubaaqudgha.
 48543 | Elf:1    | Found Vikeedaj's Weapon Boutique.
 49362 | Elf:1    | Killed Ofretuj's ghost
 49613 | Elf:1    | Identified the +0 spear "Ureusuz" {freeze, Fly}
 49749 | Elf:2    | Noticed Nuzeruge's ghost (adept VSBr)
 49760 | Elf:2    | Found a transporter.
 49763 | Elf:2    | Found a transporter.
 50180 | Elf:2    | Found a huge runed translucent gate.
 50180 | Elf:2    | Found a huge runed translucent gate.
 50191 | Elf:2    | Found a huge runed translucent gate.
 50255 | Elf:2    | Found a huge runed translucent gate.
 50255 | Elf:2    | Found a huge runed translucent gate.
 50306 | Elf:2    | Killed Nuzeruge's ghost
 50443 | Elf:2    | Identified the staff "Orb Guardian's Peril" {*Slow rPois
                  | rC+ rN++ Dex+4 Ice}
 51552 | Elf:2    | Identified the blade talisman of the Harvest Moon {Int+4}
 51763 | Elf:3    | Entered Level 3 of the Elven Halls
 52005 | Elf:3    | Found Fuorch's Jewellery Boutique.
 52010 | Elf:3    | Bought the amulet of Zivvukk {Reflect rC++ Str+4 SH+5} for
                  | 817 gold pieces
 52446 | Abyss:3  | Cast into level 3 of the Abyss (a deep elf sorcerer)
 52473 | Elf:3    | Escaped the Abyss
 52971 | Elf:3    | Identified the +5 glaive "Ilutinuxt" {protect, rElec Dex+5}
 53085 | Elf:3    | Reached XP level 20. HP: 164/164 MP: 34/34
 53333 | Elf:3    | Identified the ring of the Messenger {EV+5 Dex+3}
 53498 | Elf:3    | Found the ring of Shadows {Umbra +Inv Stlth+}
 53777 | Elf:3    | Got Gegar's Spellbook of Summoning
 53895 | Elf:3    | Identified the +8 rapier of Ketoor {chaos, rC++ Int+6}
 53902 | Elf:3    | Got the Precepts of the Magnum Geologist
 53918 | Elf:3    | Learned a level 5 spell: Yara's Violent Unravelling
 54294 | Elf:3    | Found Fuorch's Jewellery Boutique.
 55137 | D:11     | Bought the +8 demon trident "Rift" {distort, reach+} for
                  | 1605 gold pieces
 55137 | D:11     | Found the +8 demon trident "Rift" {distort, reach+}
 55258 | D:12     | You paid a toll of a +8 demon trident to enter a treasure
                  | trove
 55259 | Trove    | Entered a treasure trove
 55270 | Trove    | Identified the +1 cloak "Owemp" {Harm rPois}
 55272 | Trove    | Identified the +2 cloak of the Planets {Rampage *Corrode
                  | rN+ Slay+2}
 55279 | Trove    | Identified the +0 hat of Valiance {+Inv rN+ Will+ Dex+3}
 55285 | Trove    | Identified the +3 helmet of the Invisible Hand {rN+++ Dex+2
                  | Slay-3 Stlth-}
 55299 | Trove    | Identified the +1 tower shield of Intercession {Dex+4
                  | Slay+3}
 55626 | Elf:3    | Bought a shiny tower shield for 225 gold pieces
 55631 | Elf:3    | Bought the +7 hand cannon "Mule" {flame, backblast, rF+}
                  | for 1493 gold pieces
 55631 | Elf:3    | Found the +7 hand cannon "Mule" {flame, backblast, rF+}
 55905 | Vaults:1 | Entered Level 1 of the Vaults
 56024 | Vaults:1 | Reached skill level 10 in Dodging
 56121 | Vaults:1 | Reached skill level 1 in Shields
 56125 | Vaults:1 | Reached skill level 10 in Evocations
 56258 | Vaults:1 | Found Olycveff's Book Emporium.
 56388 | Vaults:1 | Bought a book of Minor Magic for 192 gold pieces
 58025 | Vaults:2 | Reached skill level 5 in Shields
 59000 | Vaults:2 | Found a staircase to the Crypt.
 59369 | Vaults:3 | Reached XP level 21. HP: 171/171 MP: 35/35
 60357 | Vaults:3 | Learned a level 2 spell: Blink
 60638 | Vaults:3 | Found Juetaong's Distillery.
 60717 | Vaults:4 | Reached skill level 1 in Translocations
 61889 | Vaults:4 | Found Fufyheci's Weapon Emporium.
 62082 | Vaults:5 | Entered Level 5 of the Vaults
 62138 | Vaults:4 | Reached skill level 5 in Translocations
 62339 | Crypt:1  | Entered Level 1 of the Crypt
 63246 | Crypt:2  | Reached XP level 22. HP: 130/178 MP: 38/38
 63361 | Crypt:1  | Found a basalt altar of Yredelemnul.
 64224 | Crypt:3  | Entered Level 3 of the Crypt
 64273 | Crypt:3  | Found a blossoming altar of Fedhas.
 64885 | Crypt:3  | Found a staircase to the Tomb.
 65416 | Crypt:3  | Noticed a curse toe
 65422 | Crypt:3  | Killed a curse toe
 65507 | Crypt:3  | Found an ancient bone altar of Kikubaaqudgha.
 65514 | Crypt:3  | Found a basalt altar of Yredelemnul.
 65541 | Crypt:3  | Found the +8 Vampire's Tooth {megavamp}
 65589 | Crypt:3  | Identified the ring of Bywuuguja {rC+ SInv}
 65935 | Depths:1 | Entered Level 1 of the Depths
 66263 | Depths:1 | Identified the +4 orcbow of Woe {heavy, rPois Str+4}
 66318 | Depths:1 | Found Ischiteba's Gadget Gallery.
 66364 | Depths:1 | Bought a phial of floods for 520 gold pieces
 66364 | Depths:1 | Bought a phantom mirror for 520 gold pieces
 66364 | Depths:1 | Bought a lightning rod (4/4) for 520 gold pieces
 66364 | Depths:1 | Bought a wand of flame (6) for 54 gold pieces
 66436 | Depths:1 | Found a gateway to Hell.
 66929 | Depths:2 | Found a runed translucent door.
 66934 | Depths:2 | Noticed Ices's ghost (adept TrGl)
 67000 | Depths:2 | Killed Ices's ghost
 67045 | Depths:2 | Identified the +11 orcbow "Uryepusore" {antimagic, rElec
                  | Str+3}
 67093 | Depths:2 | Found Wotsi's Jewellery Emporium.
 67402 | Depths:2 | Found a one-way gateway to a ziggurat.
 67495 | Depths:2 | Found a one-way gate to the infinite horrors of the Abyss.
 67611 | Depths:2 | Found a blossoming altar of Fedhas.
 67661 | Depths:2 | Found a one-way gate leading to the halls of Pandemonium.
 67757 | Depths:2 | Reached XP level 23. HP: 188/188 MP: 24/39
 68139 | Depths:2 | Noticed Jory
 68180 | Depths:2 | Killed Jory
 68505 | Depths:2 | Identified the amulet of the Real Monster {rF+ rC+ Will+
                  | Regen+}
 68682 | Depths:3 | Noticed a juggernaut
 68697 | Depths:3 | Killed a juggernaut
 68798 | Depths:3 | Found Tinuahe's Distillery.
 68852 | Depths:3 | Found Nusit's Jewellery Emporium.
 69013 | Depths:3 | Found Huajis's Distillery.
 71053 | Depths:4 | Entered Level 4 of the Depths
 71061 | Depths:4 | Noticed Xtahua
 71159 | Depths:4 | Killed Xtahua
 71302 | Depths:4 | Identified the +10 spear of Articulation {venom, Dex+4
                  | SInv}
 71378 | Depths:4 | Found Atam's Magic Scroll Shop.
 71396 | Depths:4 | Learned a level 4 spell: Leda's Liquefaction
 71444 | Depths:4 | Found Ahuwi's Antique Armour Shoppe.
 71549 | Depths:4 | Bought a glowing tower shield for 135 gold pieces
 71555 | Depths:4 | Bought a scroll of teleportation for 39 gold pieces
 71555 | Depths:4 | Bought a scroll of teleportation for 39 gold pieces
 71555 | Depths:4 | Bought a scroll of teleportation for 39 gold pieces
 71555 | Depths:4 | Bought a scroll of fear for 52 gold pieces
 71555 | Depths:4 | Bought a scroll of enchant weapon for 97 gold pieces
 71558 | Depths:4 | Found Mefedghi's Jewellery Shop.
 71567 | Depths:4 | Bought the ring "Farua" {rElec rF+ Str+6 Int-3 Dex+8} for
                  | 1417 gold pieces
 71634 | Depths:4 | Found a gate to the Realm of Zot.
 72469 | Slime:1  | Entered Level 1 of the Pits of Slime
 72514 | Lair:5   | Reached XP level 24. HP: 181/197 MP: 19/39
 73327 | Slime:2  | Reached skill level 10 in Shields
 73824 | Slime:1  | Reached skill level 5 in Air Magic
 75249 | Slime:5  | Entered Level 5 of the Pits of Slime
 75317 | Slime:5  | Noticed the Royal Jelly
 75323 | Slime:5  | Killed the Royal Jelly
 75373 | Slime:5  | Identified the +1 hand axe of Terrible Courage {speed,
                  | rElec rCorr Int-2 Dex+3}
 75495 | Slime:5  | Identified the ring "Evveyses" {*Corrode rElec Int+2 Dex+4
                  | SInv}
 75512 | Slime:5  | Identified the staff "Daohaun" {rF+ Str+3 Fire} (You found
                  | it on level 5 of the Pits of Slime)
 75718 | Slime:5  | Got a slimy rune of Zot
 75731 | Slime:5  | Identified the +10 battleaxe "Wirru" {freeze, Dex+4}
 75884 | Slime:5  | Identified the staff of Profit {Will+++ Conj Alchemy}
 75885 | Slime:5  | Identified the ring "Keaq" {rPois Will+ MP+9 Slay+3}
 75910 | Slime:5  | Identified the dragon-blood talisman "Ban Tyso" {+Blink rN+
                  | rCorr Slay+2}
 76875 | Depths:4 | Bought a brightly glowing ring mail for 315 gold pieces
 76875 | Depths:4 | Identified the +1 ring mail of Objectivity {Rampage Regen+
                  | Slay+4 SInv} (You bought it in a shop on level 4 of the
                  | Depths)
 76875 | Depths:4 | Bought a dazzling ring mail for 315 gold pieces
 76875 | Depths:4 | Identified the +0 ring mail of Cowardice {Dex+2 Slay+3}
                  | (You bought it in a shop on level 4 of the Depths)
 76875 | Depths:4 | Bought a scorched robe for 199 gold pieces
 76875 | Depths:4 | Identified the +1 robe of Danahip {rElec Int+3} (You bought
                  | it in a shop on level 4 of the Depths)
 76904 | Depths:4 | Bought a ring of the Octopus King {Fly HP+2 AC+2 EV+2 SH+2}
                  | for 1078 gold pieces
 76904 | Depths:4 | Found the ring of the Octopus King {Fly HP+2 AC+2 EV+2
                  | SH+2}
 77873 | Vaults:5 | Reached XP level 25. HP: 201/204 MP: 31/39
 78059 | Vaults:5 | Got the Book of the Consolidated Fjord
 78136 | Vaults:5 | Identified the +8 short sword of Disorder {flame, rF- Str+2
                  | Dex+3}
 78145 | Vaults:5 | Noticed Mara
 78150 | Vaults:5 | Noticed Mumonspawn's illusion
 78157 | Vaults:5 | Noticed an ancient lich
 78162 | Vaults:5 | Killed an ancient lich
 78327 | Vaults:5 | Killed Mara
 78457 | Vaults:5 | Found Kuoxah's Weapon Shoppe.
 78467 | Vaults:5 | Got a silver rune of Zot
 78556 | Vaults:5 | Identified the +6 quarterstaff of Earthquakes {heavy,
                  | Int+6}
 78919 | Vaults:5 | Identified the +1 ring mail of Tevveo {rN+}
 79822 | Vaults:5 | Found Kuoxah's Weapon Shoppe.
 80174 | Hell     | Entered the Vestibule of Hell
 80174 | Hell     | Noticed Geryon
 80651 | Hell     | Killed Geryon
 80825 | Hell     | Found a gateway to the ashen valley of Gehenna.
 80965 | Hell     | Found a gateway to the decaying netherworld of Tartarus.
 81042 | Hell     | Found a gateway to the freezing wastes of Cocytus.
 81158 | Hell     | Found a gateway to the Iron City of Dis.
 81439 | D:11     | Bought a scroll of teleportation for 48 gold pieces
 81439 | D:11     | Bought a scroll of teleportation for 48 gold pieces
 81439 | D:11     | Bought a scroll of teleportation for 48 gold pieces
 81476 | D:11     | Bought a scroll of poison for 52 gold pieces
 81476 | D:11     | Bought a scroll of immolation for 52 gold pieces
 81476 | D:11     | Bought a scroll of vulnerability for 52 gold pieces
 81476 | D:11     | Bought a scroll of fear for 52 gold pieces
 81476 | D:11     | Bought a scroll of immolation for 52 gold pieces
 81476 | D:11     | Bought a scroll of teleportation for 39 gold pieces
 81476 | D:11     | Bought a scroll of teleportation for 39 gold pieces
 81547 | D:11     | Bought a scroll of teleportation for 54 gold pieces
 81665 | D:14     | Bought a scroll of revelation for 120 gold pieces
 81665 | D:14     | Bought a scroll of torment for 152 gold pieces
 81665 | D:14     | Bought a scroll of revelation for 120 gold pieces
 81665 | D:14     | Bought a scroll of revelation for 120 gold pieces
 81743 | D:11     | Bought a scroll of enchant armour for 247 gold pieces
 81743 | D:11     | Bought a wand of roots (4) for 316 gold pieces
 81860 | Pan      | Entered Pandemonium
 82021 | Pan      | Learned a level 4 spell: Passage of Golubria
 82528 | Pan      | Noticed Pyjab the pandemonium lord
 82534 | Pan      | Killed Pyjab the pandemonium lord
 82616 | Pan      | Reached skill level 15 in Alchemy
 83695 | Pan      | Reached XP level 26. HP: 211/211 MP: 39/39
 83711 | Pan      | Noticed Goulus the pandemonium lord
 83735 | Pan      | Killed Goulus the pandemonium lord
 84339 | Pan      | Noticed Itwenlegh the pandemonium lord
 84353 | Pan      | Killed Itwenlegh the pandemonium lord
 84847 | Pan      | Found an exit through the horrors of the Abyss.
 84870 | Pan      | Noticed Vius the pandemonium lord
 84882 | Pan      | Killed Vius the pandemonium lord
 85286 | Pan      | Got the Directory of the Discontinuous Welkin
 85347 | Pan      | Got a demonic rune of Zot
 86035 | Pan      | Found an exit through the horrors of the Abyss.
 86209 | Pan      | Noticed Kaquriupt the pandemonium lord
 86223 | Pan      | Killed Kaquriupt the pandemonium lord
 86336 | Pan      | Noticed Qograha the pandemonium lord
 86369 | Pan      | Killed Qograha the pandemonium lord
 86683 | Pan      | Identified the +3 great sword "Cysaqaoc" {heavy, Str+2}
 87411 | Pan      | Noticed Gari Yhion the pandemonium lord
 87453 | Pan      | Killed Gari Yhion the pandemonium lord
 87454 | Pan      | Reached skill level 15 in Dodging
 87454 | Pan      | Reached skill level 10 in Translocations
 87762 | Pan      | Reached skill level 15 in Shields
 87817 | Pan      | Noticed Ganur the pandemonium lord
 87856 | Pan      | Killed Ganur the pandemonium lord
 87859 | Pan      | Reached XP level 27. HP: 210/217 MP: 2/40
 88143 | Pan      | Identified the scarf "Qeoczuaf" {+Inv, Will+ Dex+3}
 88356 | Pan      | Noticed Felumn the pandemonium lord
 88365 | Pan      | Killed Felumn the pandemonium lord
 88603 | Pan      | Noticed Xiekaebb the pandemonium lord
 88610 | Pan      | Killed Xiekaebb the pandemonium lord
 88625 | Pan      | Identified the +3 buckler of the Engineer {*Slow Regen+
                  | Str+2 Dex+4}
 88996 | Pan      | Entered the realm of Cerebov.
 89448 | Pan      | Identified the ring "Akiodim" {rN+ Str+6}
 89588 | Pan      | Identified the +4 halberd "Vawno" {flame, Will+ Str+2}
 89639 | Pan      | Identified the +1 helmet of Fallacy {Harm Fly Str+2 Int-5}
 89812 | Pan      | Identified the ring "Voatz" {rElec rF+ rC+ Str+6 Int-2}
 89830 | Pan      | Identified the +5 short sword "Xobal" {flame, rPois}
 90038 | Pan      | Found an exit through the horrors of the Abyss.
 90333 | Pan      | Identified the +12 trident of Summer {freeze, Dex+2 SInv}
 90405 | Pan      | Identified the +6 glaive of Indomitability {drain, rElec
                  | Will+ Str-3 Dex+3}
 90414 | Pan      | Identified the +1 robe of Violets {rN+ Dex+2}
 90518 | Pan      | Found the +6 sword of Cerebov {flame}
 90518 | Pan      | Noticed Cerebov
 90645 | Pan      | Killed Cerebov
 90769 | Pan      | Got a fiery rune of Zot
 91313 | Pan      | Noticed Husot the pandemonium lord
 91346 | Pan      | Killed Husot the pandemonium lord
 91585 | Pan      | Noticed Etufas the pandemonium lord
 91601 | Pan      | Killed Etufas the pandemonium lord
 91927 | Pan      | Identified the +0 cloak of the Moon Troll {rElec rPois
                  | Regen+ Str+3}
 91966 | Pan      | Reached skill level 15 in Evocations
 92454 | Pan      | Identified the +1 dagger "Kaka Fyn" {heavy, *Noise rPois
                  | rN+ rCorr}
 92510 | Pan      | Noticed Giah the pandemonium lord
 92520 | Pan      | Killed Giah the pandemonium lord
 93015 | Pan      | Noticed Ataucsau the pandemonium lord
 93026 | Pan      | Killed Ataucsau the pandemonium lord
 93280 | Pan      | Entered the realm of Lom Lobon.
 93280 | Pan      | Noticed Lom Lobon
 94367 | Pan      | Reached skill level 5 in Stealth
 94710 | Pan      | Killed Lom Lobon
 94771 | Pan      | Got a magical rune of Zot
 96265 | Pan      | Noticed a seraph
 96281 | Pan      | Killed a seraph
 96346 | Pan      | Identified the +4 quarterstaff "Ibuacuut" {elec, rF+++
                  | Str-5 Int+7}
 96719 | Pan      | Identified the +5 tower shield of Ettammed {Fly Dex+4}
 97284 | Pan      | Reached skill level 15 in Spellcasting
 97560 | Pan      | Identified the +0 tower shield of Peek-a-Boo {rC+}
 98158 | Depths:2 | Escaped Pandemonium
 98160 | Pan      | Entered Pandemonium
 98380 | Pan      | Noticed Migatam the pandemonium lord
 98391 | Pan      | Killed Migatam the pandemonium lord
 98473 | Pan      | Identified the +1 trident of Nightmares {antimagic, rElec}
 98735 | Pan      | Found an exit through the horrors of the Abyss.
 99046 | Pan      | Learned a level 5 spell: Silence
 99055 | Pan      | Learned a level 7 spell: Enfeeble
 99199 | Pan      | Noticed Etehy the pandemonium lord
 99279 | Pan      | Killed Etehy the pandemonium lord
 99291 | Depths:2 | Escaped Pandemonium
 99293 | Pan      | Entered the realm of Gloorx Vloq.
 99293 | Pan      | Entered Pandemonium
 99498 | Pan      | Identified the +4 rapier "Novycvor" {venom, rPois rC+}
 99507 | Pan      | Found an exit through the horrors of the Abyss.
 99533 | Pan      | Reached skill level 10 in Hexes
100082 | Pan      | Noticed Gloorx Vloq
100099 | Pan      | Killed Gloorx Vloq
100302 | Pan      | Got a dark rune of Zot
100539 | Pan      | Entered the realm of Mnoleg.
101009 | Pan      | Noticed Mnoleg
101031 | Pan      | Killed Mnoleg
101463 | Pan      | Found an exit through the horrors of the Abyss.
101766 | Pan      | Got a glowing rune of Zot
102066 | Pan      | Took an exit into the Abyss.
102066 | Abyss:3  | Escaped into the Abyss
102066 | Abyss:3  | Found a corrupted altar of Lugonu.
102829 | Abyss:3  | Found a corrupted altar of Lugonu.
103074 | Abyss:3  | Got an abyssal rune of Zot
103088 | Abyss:3  | Paralysed by accursed screaming for 1 turns
103095 | Abyss:3  | Paralysed by accursed screaming for 2 turns
103098 | Abyss:3  | Paralysed by accursed screaming for 1 turns
103283 | Depths:2 | Escaped the Abyss
103287 | Depths:2 | Bought a scroll of fear for 104 gold pieces
103287 | Depths:2 | Bought a scroll of teleportation for 78 gold pieces
103287 | Depths:2 | Bought a scroll of teleportation for 78 gold pieces
103287 | Depths:2 | Bought a scroll of blinking for 195 gold pieces
103287 | Depths:2 | Bought a scroll of revelation for 195 gold pieces
103648 | Tomb:1   | Entered Level 1 of the Tomb of the Ancients
103691 | Tomb:1   | Identified the +3 orcbow of Mumar {speed, rF+ rCorr SInv
                  | Stlth-}
103851 | Tomb:1   | Noticed a royal mummy
103866 | Tomb:1   | Killed a royal mummy
104068 | Tomb:1   | Identified the +3 eveningstar "Weppo" {pain, rElec Str+5
                  | Dex-5 SInv}
104539 | Tomb:2   | Reached skill level 15 in Hexes
104683 | Tomb:3   | Entered Level 3 of the Tomb of the Ancients
104723 | Tomb:3   | Identified the +3 robe "Hegeopt" {Rampage Dex-3 Archmagi}
104723 | Tomb:3   | Noticed Boris
104730 | Tomb:3   | Noticed a royal mummy
104741 | Tomb:3   | Noticed a royal mummy
104743 | Tomb:3   | Noticed a royal mummy
104744 | Tomb:3   | Killed Boris
104754 | Tomb:3   | Killed a royal mummy
104754 | Tomb:3   | Noticed a royal mummy
104755 | Tomb:3   | Killed a royal mummy
104756 | Tomb:3   | Killed a royal mummy
104760 | Tomb:3   | Noticed a royal mummy
104765 | Tomb:3   | Killed a royal mummy
104766 | Tomb:3   | Noticed Khufu
104767 | Tomb:3   | Killed a royal mummy
104768 | Tomb:3   | Noticed a royal mummy
104773 | Tomb:3   | Killed Khufu
104779 | Tomb:3   | Killed a royal mummy
104845 | Tomb:3   | Noticed a royal mummy
104848 | Tomb:3   | Noticed a royal mummy
104882 | Tomb:3   | Killed a royal mummy
104918 | Tomb:3   | Killed a royal mummy
105020 | Tomb:3   | Identified the amulet "Olia" {Acrobat Str+2}
105045 | Tomb:3   | Identified the +5 mace "Xiuz Doprois" {freeze, rElec rF+
                  | rC+ SInv}
105093 | Tomb:3   | Identified the ring "Rulin" {Int+3 Dex+6}
105256 | Tomb:3   | Identified the +2 ring mail of Koiraum {rC+ Int+3 Dex-4
                  | Stlth+}
105265 | Tomb:3   | Identified the +5 orcbow of Symmetry {drain, *Slow rElec
                  | Str+2 Dex+3}
105282 | Tomb:3   | Identified the ring of Oqetaysk {Ice Will+ rCorr}
105346 | Tomb:3   | Identified the +0 chain mail "Xiech" {rPois rN+ Str+5}
105354 | Tomb:3   | Identified the staff "Ladafer" {rC+ rN++ Dex+2 Stlth+ Ice}
105426 | Tomb:3   | Got a golden rune of Zot
105536 | Tomb:2   | Noticed a royal mummy
105537 | Tomb:2   | Noticed a royal mummy
105547 | Tomb:2   | Killed a royal mummy
105548 | Tomb:2   | Noticed a royal mummy
105549 | Tomb:2   | Noticed a royal mummy
105552 | Tomb:2   | Noticed a royal mummy
105588 | Tomb:2   | Killed a royal mummy
105591 | Tomb:2   | Killed a royal mummy
105666 | Tomb:2   | Killed a royal mummy
105675 | Tomb:2   | Killed a royal mummy
106534 | Tar:1    | Entered Level 1 of Tartarus
106549 | Tar:1    | Reached skill level 1 in Invocations
106727 | Tar:2    | Reached skill level 2 in Invocations
106763 | Tar:2    | Found a runed translucent door.
106804 | Tar:2    | You fall into a shaft and drop 1 floor!
106840 | Tar:4    | Reached skill level 3 in Invocations
107064 | Tar:5    | Reached skill level 4 in Invocations
107080 | Tar:5    | Noticed a dread lich
107083 | Tar:5    | Killed a dread lich
107154 | Tar:5    | Reached skill level 5 in Invocations
107493 | Tar:6    | Reached skill level 6 in Invocations
107499 | Tar:6    | Learned a level 3 spell: Fugue of the Fallen
107696 | Tar:7    | Entered Level 7 of Tartarus
108097 | Tar:7    | Reached skill level 7 in Invocations
108631 | Tar:7    | Reached skill level 8 in Invocations
108789 | Tar:7    | Identified the +1 fire dragon scales of Truth {Harm rPois
                  | rF++ rC- SInv}
108860 | Tar:7    | Noticed Ereshkigal
108883 | Tar:7    | Killed Ereshkigal
108915 | Tar:7    | Identified the amulet of Ybyk {Will+ Regen+}
108916 | Tar:7    | Identified the +4 sling "Hees" {drain, rPois rN+ Int+3
                  | Dex-5}
108924 | Tar:7    | Got a bone rune of Zot
108927 | Tar:7    | Identified the ring "Cuefajes" {MP+9 EV+5}
109229 | Geh:1    | Entered Level 1 of Gehenna
109235 | Geh:1    | Reached skill level 9 in Invocations
109523 | Geh:2    | Noticed a dread lich
109525 | Geh:2    | Killed a dread lich
110360 | Geh:5    | Reached skill level 10 in Invocations
110771 | Geh:7    | Entered Level 7 of Gehenna
111042 | Geh:7    | Reached skill level 11 in Invocations
111436 | Geh:7    | Reached skill level 12 in Invocations
111558 | Geh:7    | Found the +13 sceptre of Asmodeus
111558 | Geh:7    | Noticed Asmodeus
111574 | Geh:7    | Killed Asmodeus
111718 | Geh:7    | Got an obsidian rune of Zot
111825 | Geh:7    | Reached skill level 13 in Invocations
112143 | Dis:1    | Entered Level 1 of the Iron City of Dis
112374 | Dis:2    | Reached skill level 14 in Invocations
112721 | Dis:6    | Reached skill level 15 in Invocations
112912 | Dis:7    | Entered Level 7 of the Iron City of Dis
113087 | Dis:7    | Reached skill level 16 in Invocations
113399 | Dis:7    | Reached skill level 17 in Invocations
113842 | Dis:7    | Identified the +12 hand axe of the Hummingbird {spect,
                  | rCorr SInv}
113844 | Dis:7    | Identified the staff "Jaelaec" {rPois Int+5 Conj Tloc}
113873 | Dis:7    | Reached skill level 18 in Invocations
114214 | Dis:7    | Found the +3 pair of gauntlets of War {Slay+5}
114241 | Dis:7    | Identified the +3 chain mail of Xamapsurch {Will+ MP+9
                  | Int-2}
114255 | Dis:7    | Identified the ring of Jealousy {Ice Will+ Str+4}
114268 | Dis:7    | Identified the +4 rapier "Ajiewnet" {venom, rElec}
114415 | Dis:7    | Reached skill level 19 in Invocations
114421 | Dis:7    | Noticed Dispater
114444 | Dis:7    | Killed Dispater
114632 | Dis:7    | Got an iron rune of Zot
114778 | Coc:1    | Entered Level 1 of Cocytus
115380 | Coc:3    | Paralysed by a wendigo for 1 turns
115385 | Coc:3    | Paralysed by a wendigo for 1 turns
115521 | Coc:3    | Reached skill level 20 in Invocations
115892 | Coc:4    | Paralysed by a wendigo for 1 turns
116169 | Coc:5    | Reached skill level 21 in Invocations
116274 | Coc:6    | Noticed a dread lich
116274 | Coc:6    | Noticed a dread lich
116293 | Coc:6    | Killed a dread lich
116295 | Coc:6    | Killed a dread lich
116670 | Coc:7    | Entered Level 7 of Cocytus
116676 | Coc:7    | Reached skill level 22 in Invocations
117031 | Coc:7    | Reached skill level 23 in Invocations
117111 | Coc:7    | Paralysed by a wendigo for 1 turns
117275 | Coc:7    | Noticed the Serpent of Hell
117317 | Coc:7    | Killed the Serpent of Hell
117489 | Coc:7    | Noticed Antaeus
117517 | Coc:7    | Killed Antaeus
117518 | Coc:7    | Reached skill level 24 in Invocations
117552 | Coc:7    | Got an icy rune of Zot
117927 | Zot:1    | Entered Level 1 of the Realm of Zot
118131 | Zot:1    | Noticed an orb of fire
118143 | Zot:1    | Killed an orb of fire
118591 | Zot:2    | Reached skill level 25 in Invocations
119760 | Zot:3    | Reached skill level 26 in Invocations
120250 | Zot:3    | Noticed an orb of fire
120262 | Zot:3    | Killed an orb of fire
120414 | Zot:3    | Reached skill level 27 in Invocations
120862 | Zot:5    | Entered Level 5 of the Realm of Zot
120873 | Zot:5    | Found a runed translucent gate.
120874 | Zot:5    | Found a runed translucent gate.
120875 | Zot:5    | Found a runed translucent gate.
120878 | Zot:5    | Noticed Ickud's ghost (novice GrFi)
121104 | Zot:5    | Noticed an ancient lich
121107 | Zot:5    | Killed an ancient lich
121352 | Zot:5    | Identified the +2 leather armour of Instinct {rElec rF-
                  | rCorr SInv}
121538 | Zot:5    | Noticed a dread lich
121544 | Zot:5    | Killed a dread lich
121573 | Zot:5    | Noticed an orb of fire
121581 | Zot:5    | Noticed an orb of fire
121588 | Zot:5    | Killed an orb of fire
121594 | Zot:5    | Killed an orb of fire
121599 | Zot:5    | Noticed an orb of fire
121601 | Zot:5    | Noticed an ancient lich
121602 | Zot:5    | Noticed an ancient lich
121607 | Zot:5    | Killed an orb of fire
121610 | Zot:5    | Killed an ancient lich
121622 | Zot:5    | Killed an ancient lich
121653 | Zot:5    | Noticed an orb of fire
121658 | Zot:5    | Noticed an orb of fire
121664 | Zot:5    | Noticed a dread lich
121666 | Zot:5    | Killed an orb of fire
121772 | Zot:5    | Killed an orb of fire
122139 | Zot:5    | Got the Orb of Zot
122714 | D:$      | Escaped with the Orb!

Illustrated notes

Levels and vault maps discovered:
D:1:      onia_arrival_mini_spirals, layout_rooms,
          ebering_ecumenical_altar_sacrificial
D:2:      layout_loops_ring, serial_shops, nicolae_shop_getting_attention,
          nicolae_shop_pleasant_corner_grove, shop_statue
D:3:      layout_basic, mainiacjoe_overflow_brackets, uniq_crazy_yiuf_cottage,
          uniq_robin
D:4:      layout_basic, nicolae_wu_jian_immortal_techniques,
          nicolae_ru_path_of_blood, minmay_temple_entry_statues_fountains
D:5:      layout_cave_pools, marbit_many_paths
D:6:      layout_cave_pools, minmay_misc_feat_chi, minmay_ogre_servants,
          uniq_pikel, uniq_eustachio, uniq_sigmund, uniq_edmund
D:7:      gammafunk_cloud_chamber, layout_loops_cross,
          nicolae_overflow_hidden_temple, makhleb_blood_cavern_becter
D:8:      layout_cave_pods, enter_bailey_4, grunt_ogre_cave, uniq_jeremiah
D:9:      layout_roguey, general_overflow_altar, mainiacjoe_overflow_chevrons,
          chequers_temple_overflow_statue_of_worship
D:10:     layout_basic, old_standard_altar,
          kennysheep_orc_monster_closet_entryway, minivault_16,
          bh_hangedman_babel_library
D:11:     layout_grid_maze, david_lair_generic, serial_shops,
          nicolae_lakefront_shop, shop, shop, nicolae_shop_trees,
          nicolae_shop_rolled_up
D:12:     layout_loops_ring, trove_entry_hex_spiral,
          hangedman_abyss_or_decor_stabs, zin_treasury
D:13:     layout_rooms, serial_shops, bzr_entry_dummy,
          nicolae_tso_swordbearing_angel
D:14:     layout_basic, david_vaults_3, serial_shops, shop,
          nicolae_shop_behind_doors, nicolae_lakefront_shop,
          grunt_decor_arrowhead, minmay_misc_feat_x
D:15:     hellmonk_depths_entry_around_the_bend, layout_long_grid,
          gammafunk_ghost_tricky_traps, minmay_mirror_moons_of_madness,
          uniq_josephine
Temple:   chequers_temple_sunken
Lair:1:   layout_regular_city
Lair:2:   dreamdust_cave_troll, layout_cave_shapes,
          nicolae_spider_entry_lesser_pyramids, uniq_fannar
Lair:3:   layout_gridlike, alex1729_swamp_entry_worm_eleionoma,
          chequers_serial_rivers_small_a, grunt_forest_stairs_basic
Lair:4:   layout_roguey, portal_ice_cave_entry_ice_simulacra,
          grunt_megastairs_5, uniq_rupert
Lair:5:   cheibrodos_lair_end_hotspot, layout_long_grid,
          dpeg_slime_entry_enclosed, chequers_serial_rivers_room_b,
          nicolae_lair_yak_garden, serial_bayou_shore_b
Swamp:1:  layout_basic_swamp, evilmike_swamp_ruin_rubble_1, swamp_pool_5,
          kb_tengu_band
Swamp:2:  layout_basic_swamp, nicolae_swamp_stuck_in_the_mud,
          nicolae_swamp_super_fun_site
Swamp:3:  nicolae_swamp_secret_spriggan_hideout, layout_falls_marsh,
          evilmike_swamp_ruin_house_3, nicolae_swamp_trees_clearing,
          swamp_pool_4, tekkud_bubbles_buried_in_this_jungle
Swamp:4:  byrel_swamp_growth_death_and_undeath, layout_basic_swamp,
          swamp_pool_4, infiniplex_staircase_pool_2, uniq_donald
Spider:1: layout_chambers, nicolae_spider_not_touching_you
Spider:2: layout_spider_delve, nicolae_spider_shape
Spider:3: layout_spider_delve, uniq_roxanne
Spider:4: grunt_spider_rune_parallel
Slime:1:  layout_caves
Slime:2:  layout_caves
Slime:3:  cheibrodos_slime_lost_civilization_10, layout_caves
Slime:4:  layout_caves
Slime:5:  slime_pit_nicolae_jellycorners
Orc:1:    layout_caves, ebering_ghost_reflecting_pool, basic_altar, uniq_jorgrun
Orc:2:    grunt_orc_cross, layout_diamond_mine
Elf:1:    minmay_elf_arrival_summoners, layout_gridlike, basic_altar,
          serial_shops, shop, ebering_ghost_disaster_area,
          minmay_elf_annihilation
Elf:2:    elven_hall_of_blades_hangedman_alternative
          [nicolae_blade_entry_pointy_end], layout_geoelf_octagon,
          gammafunk_ghost_arena
Elf:3:    minmay_elf_hall_spiked, layout_onion_city, serial_shops, shop,
          st_stairs_3
Vaults:1: nicolae_vaults_double_plus_1, grunt_vaults_trifunnel,
          nicolae_vaults_storage_room_statues, nicolae_vaults_apartment_1,
          nicolae_vaults_little_guard_posts, vaults_room_grunt_arrival_ludios,
          v_rooms_5, vaults_room_door_ring, ontoclasm_vaults_ring_small,
          vaults_room_semicircle, layout_vaults_chaotic_city, serial_shops, shop
Vaults:2: nicolae_vaults_surprise_closet, ontoclasm_vaults_pinch,
          nicolae_vaults_heart-shaped_vault,
          hangedman_vaults_stretched_pinwheel, nicolae_vaults_big_angled_halls,
          vaults_mumra_lcd, nicolae_vaults_enemy_cabinets, vaults_mumra_hex,
          vaults_mumra_chevron_long, nicolae_vaults_variable_pillar_hall,
          ontoclasm_vaults_fault, blue_anna_dwarven_crypt, nicolae_vaults_theta,
          hangedman_vaults_nodes, ontoclasm_vaults_loading_screen,
          layout_vaults_omnicross, serial_glass
Vaults:3: nicolae_vaults_corpse_flower, nicolae_vaults_sightless_eye,
          nicolae_vaults_stepped_doors, v_misc_3, nicolae_vaults_theta,
          nicolae_vaults_trapezoid_3, ontoclasm_vaults_claustrophobia,
          vaults_room_semicircle, nicolae_vaults_more_shelving_1,
          v_alt_pattern_3, hangedman_vaults_river_flow, v_pattern_2,
          nicolae_vaults_trapezoid_2, layout_vaults_maze_snakey, serial_shops,
          shop
Vaults:4: vaults_room_boxed, v_misc_28, vaults_room_semicircle,
          nicolae_vaults_sesquioval_fish, v_misc_24,
          nicolae_vaults_storage_room_doors, nicolae_vaults_surprise_closet,
          v_pattern_4, nicolae_vaults_tetromino_T_1, layout_vaults_omnigrid,
          serial_shops, nicolae_diamond_shop
Vaults:5: uniq_mara
Crypt:1:  layout_rooms, grunt_crypt_arrival_guarded_gate, lemuel_upstairs_altar
Crypt:2:  layout_misc_corridors, hangedman_weighted_door, minivault_5
Crypt:3:  lightli_unholy_cathedral, layout_chaotic_city,
          tomb_entry_shell_bobbens, serial_sigils_hangedman_shear,
          nicolae_crypt_fedhas_prevails
Tomb:1
Tomb:2
Tomb:3:   uniq_boris
Depths:1: nicolae_cairo_tiling_large_dashed, layout_honeycomb, hell_entry,
          hangedman_abyss_or_decor_lesser_grid, hangedman_decor_growths,
          nicolae_shop_gadgets
Depths:2: due_jory_tower, layout_long_grid, enter_ziggurat_b, hell_entry,
          serial_shops, nicolae_diamond_shop, rand_demon_pan_entry_5,
          ebering_ghost_reflecting_pool, serial_bayou, serial_bayou_pond_e,
          serial_bayou_pond_a, serial_bayou_crossing, serial_bayou_shore_b,
          serial_bayou_pond_d, serial_bayou_pond_a, fedhas_altar_1,
          abyss_entry_crystal
Depths:3: regret_index_malice_mire, layout_basic, serial_shops,
          nicolae_shop_tiny_waterfront, nicolae_shop_window_shopping,
          nicolae_inconvenience_store, pf_hell_entry_great_geh,
          minmay_room_of_horrors
Depths:4: grunt_crosshair, layout_cave_pools, serial_shops, shop, shop, shop,
          abyss_entry, grunt_hell_entry_dis_mu, infiniplex_staircase_pool_lava,
          uniq_xtahua
Hell
Dis:1:    layout_regular_city
Dis:2:    layout_gridville
Dis:3:    layout_subdivisions
Dis:4:    layout_jigsaw
Dis:5:    layout_gridville
Dis:6:    layout_jigsaw
Dis:7:    iron_city_of_dis [dis_old, dis_wall_8], layout_gridville,
          nicolae_dis_fourth_circle
Geh:1:    layout_gehenna_lava_caves
Geh:2:    layout_gehenna_pools_triple, nicolae_geh_lava_rosette
Geh:3:    layout_gehenna_lava_caves
Geh:4:    layout_gehenna_pools_box
Geh:5:    layout_gehenna_lava_caves
Geh:6:    layout_gehenna_lava_caves
Geh:7:    geh_grunt
Coc:1:    layout_cocytus_delve
Coc:2:    layout_ice_bergs
Coc:3:    layout_ice_bergs, nicolae_coc_wendigon
Coc:4:    layout_ice_bergs, nicolae_hells_hurtin_island
Coc:5:    layout_cocytus_water_paths
Coc:6:    layout_ice_bergs
Coc:7:    coc_mu
Tar:1:    layout_catacombs
Tar:2:    nicolae_tar_ssshhh
Tar:3:    layout_grid_maze
Tar:4:    layout_grid_maze
Tar:5:    layout_catacombs, nicolae_tar_spectre_spectrum
Tar:6:    layout_grid_maze, nicolae_tar_cuneiform_to_be,
          nicolae_tar_cuneiform_not
Tar:7:    tar_minmay_river
Zot:1:    layout_basic
Zot:2:    lemuel_acid_trip, layout_concentric_octagons,
          regret_index_zotdec_serpentine_scales, grunt_ministairs_9,
          hangedman_zot_decor_scrapings, lemuel_baited_zot_trap
Zot:3:    layout_gridlike, bh_zot_ikea_curve, zot_minivault_1
Zot:4:    layout_concentric_octagons
Zot:5:    layout_concentric_octagons, ebering_ghost_rock_garden

Skill      XL: |  1  2  3  4  5  6  7  8  9 10 11 12 13 14 15 16 17 18 19 20 21 22 23 24 25 26 27 |
---------------+----------------------------------------------------------------------------------+-----
Conjurations   | 1 2 3 4 |  4.0
Spellcasting   | 3 4 5 6 8 10 12 13 16 | 16.0
Alchemy        | 3 4 6 7 8 9 10 11 12 13 15 | 15.0
Air Magic      | 1 2 3 6 |  6.0
Fighting       | 1 2 5 7 8 9 11 12 13 14 16 17 18 20 | 20.4
Dodging        | 2 3 4 7 9 10 12 13 15 18 | 18.0
Stealth        | 2 6 |  6.0
Fire Magic     | 1 3 |  3.0
Ranged Weapons | 4 5 7 9 10 12 13 15 16 18 20 21 | 21.5
Evocations     | 4 5 6 9 10 11 12 18 | 18.0
Armour         | 4 6 7 9 |  9.0
Necromancy     | 1 7 10 | 10.0
Earth Magic    | 4 7 8 9 |  9.0
Hexes          | 2 6 7 8 9 20 | 20.0
Shields        | 6 8 9 11 13 15 22 | 22.0
Translocations | 6 7 10 13 | 13.0
Invocations    | 27 | 27.0

Action                     |  1- 3 |  4- 6 |  7- 9 | 10-12 | 13-15 | 16-18 | 19-21 | 22-24 | 25-27 || total
---------------------------+-------+-------+-------+-------+-------+-------+-------+-------+-------++-------
  Melee: Short sword       |     6 |       |       |       |       |       |       |       |       ||     6
         Whip              |     1 |       |       |       |       |       |       |       |       ||     1
         Dagger            |    16 |     2 |       |       |       |       |       |       |       ||    18
         Quarterstaff      |       |    21 |    15 |       |       |       |       |       |       ||    36
         Staff             |       |     1 |    38 |       |       |       |       |       |       ||    39
         Hand cannon       |       |       |       |       |       |       |       |       |     7 ||     7
   Fire: Orcbow            |       |       |    31 |   366 |   986 |  1506 |    91 |       |       ||  2980
         Longbow           |       |       |       |       |       |    20 |   293 |       |       ||   313
         Hand cannon       |       |       |       |       |       |     7 |   965 |  1813 |  6842 ||  9627
  Throw: Boomerang         |       |     3 |       |       |       |       |       |       |       ||     3
         Dart              |       |       |       |     5 |       |       |       |       |     1 ||     6
         Throwing net      |       |       |       |     1 |       |       |       |       |       ||     1
   Cast: Sting             |    86 |    75 |    18 |     3 |     1 |       |       |       |       ||   183
         Mephitic Cloud    |       |     2 |     7 |    27 |    16 |     4 |       |       |       ||    56
         Olgreb's Toxic Ra |       |     4 |    37 |   118 |   166 |   198 |   132 |    55 |     3 ||   713
         Sticky Flame      |       |       |     7 |    18 |    81 |     8 |     1 |     2 |     9 ||   126
         Ignite Poison     |       |       |       |       |     5 |    26 |    27 |    19 |     1 ||    78
         Borgnjor's Vile C |       |       |       |       |       |    99 |    39 |     9 |   111 ||   258
         Irradiate         |       |       |       |       |       |    24 |    19 |    24 |    74 ||   141
         Apportation       |       |       |       |       |       |     1 |     1 |    78 |    68 ||   148
         Passwall          |       |       |       |       |       |       |     4 |       |    12 ||    16
         Blink             |       |       |       |       |       |       |     3 |     7 |    53 ||    63
         Leda's Liquefacti |       |       |       |       |       |       |       |    17 |    42 ||    59
         Cause Fear        |       |       |       |       |       |       |       |     4 |     3 ||     7
         Yara's Violent Un |       |       |       |       |       |       |       |       |    28 ||    28
         Fugue of the Fall |       |       |       |       |       |       |       |       |    24 ||    24
         Enfeeble          |       |       |       |       |       |       |       |       |    11 ||    11
         Passage of Golubr |       |       |       |       |       |       |       |       |     5 ||     5
         Silence           |       |       |       |       |       |       |       |       |     1 ||     1
 Invoke: Call Merchant     |       |       |       |       |       |     2 |     2 |     3 |     3 ||    10
         Potion Petition   |       |       |       |       |       |     2 |     1 |       |    52 ||    55
  Evoke: Wand              |       |       |       |    15 |     4 |    11 |     1 |     1 |    24 ||    56
         Tin of tremorston |       |       |       |       |     2 |     5 |     5 |     5 |    27 ||    44
         Box of beasts     |       |       |       |       |       |       |       |     3 |    10 ||    13
         Phantom mirror    |       |       |       |       |       |       |       |     2 |     6 ||     8
         Lightning rod     |       |       |       |       |       |       |       |       |    45 ||    45
         Horn of Geryon    |       |       |       |       |       |       |       |       |     7 ||     7
         Phial of floods   |       |       |       |       |       |       |       |       |     1 ||     1
    Use: Scroll            |     1 |       |       |     5 |     5 |    13 |     4 |    15 |    56 ||    99
   Stab: Confused          |       |       |     1 |       |       |       |       |       |       ||     1
         Distracted        |       |       |     1 |       |       |       |       |       |       ||     1
 Armour: Robe              |    47 |    38 |    50 |    27 |       |   459 |   447 |   504 |       ||  1572
         Ring mail         |       |       |       |    76 |   509 |    62 |       |    88 |  2273 ||  3008
         Leather armour    |       |       |       |       |     4 |       |       |       |       ||     4
  Dodge: Dodged            |    53 |    29 |    64 |   128 |   575 |   600 |   556 |  1053 |  4370 ||  7428
  Block: Other             |       |       |    25 |    35 |   142 |   157 |    37 |       |       ||   396
         Reflection        |       |       |       |     3 |     5 |     2 |    66 |    15 |       ||    91
         Buckler           |       |       |       |       |       |       |   328 |   408 |       ||   736
         Kite shield       |       |       |       |       |       |       |       |   454 |  1588 ||  2042
         Tower shield      |       |       |       |       |       |       |       |       |  5302 ||  5302

Table legend: (Time is in decaauts)
 A = Elapsed time spent in this place.
 B = Non-inter-level travel time spent in this place.
 C = Inter-level travel time spent in this place.
 D = Time resting spent in this place.
 E = Time spent auto-exploring this place.
 F = Levels seen in this place.
 G = Mean time per level.
                   A        B        C        D        E       F      G
               +--------+--------+--------+--------+--------+-----+--------+
         Total | 127120 | 117381 |   9739 |   2662 |  85723 | 120 | 1059.3 |
       Dungeon |  23053 |  19415 |   3638 |    446 |  15593 |  15 | 1536.9 |
        Temple |     59 |     33 |     26 |      0 |      0 |   1 |   59.0 |
          Lair |   7469 |   6741 |    728 |    113 |   5482 |   5 | 1493.8 |
         Swamp |   6530 |   6176 |    354 |      0 |   5197 |   4 | 1632.5 |
   Spider Nest |   8088 |   7889 |    199 |    135 |   6823 |   4 | 2022.0 |
    Slime Pits |   3961 |   3755 |    206 |    233 |   2687 |   5 |  792.2 |
  Orcish Mines |   3318 |   2948 |    370 |    120 |   2267 |   2 | 1659.0 |
   Elven Halls |   7608 |   7313 |    295 |    512 |   5650 |   3 | 2536.0 |
        Vaults |  10089 |   9233 |    856 |      0 |   7507 |   5 | 2017.8 |
         Crypt |   3693 |   3336 |    357 |     14 |   2366 |   3 | 1231.0 |
          Tomb |   2793 |   2501 |    292 |     21 |   1573 |   3 |  931.0 |
        Depths |   7556 |   6466 |   1090 |    225 |   4527 |   4 | 1889.0 |
          Hell |    964 |    799 |    165 |      0 |    421 |   1 |  964.0 |
           Dis |   2838 |   2694 |    144 |     29 |   1657 |   7 |  405.4 |
       Gehenna |   3052 |   2917 |    135 |      0 |   2213 |   7 |  436.0 |
       Cocytus |   3364 |   3031 |    333 |      4 |   1732 |   7 |  480.6 |
      Tartarus |   2988 |   2680 |    308 |      0 |   1617 |   7 |  426.9 |
           Zot |   4674 |   4438 |    236 |      0 |   2879 |   5 |  934.8 |
         Abyss |   1365 |   1365 |      0 |    470 |    419 |   2 |  682.5 |
   Pandemonium |  21691 |  21691 |      0 |    339 |  13803 |  26 |  834.3 |
        Bazaar |     81 |     81 |      0 |      0 |     32 |   1 |   81.0 |
         Trove |    119 |    119 |      0 |      0 |     12 |   1 |  119.0 |
        Bailey |    716 |    716 |      0 |      0 |    529 |   1 |  716.0 |
      Ice Cave |   1039 |   1039 |      0 |      0 |    729 |   1 | 1039.0 |
               +--------+--------+--------+--------+--------+-----+--------+

Top non-repeatable levels by time:
   Elf:3: 3118 daAuts
    D:14: 2766 daAuts
    D:11: 2647 daAuts
Depths:3: 2570 daAuts
Spider:4: 2559 daAuts
Vaults:5: 2520 daAuts
  Lair:5: 2471 daAuts
    D:15: 2426 daAuts
   Elf:2: 2360 daAuts
 Swamp:4: 2257 daAuts
Depths:2: 2159 daAuts
   Elf:1: 2130 daAuts
Vaults:2: 2103 daAuts
Spider:1: 2043 daAuts
Vaults:4: 2043 daAuts
